Workbook
Name \b: [1]INSUMOS!#REF!
Name \i: [1]INSUMOS!#REF!
Name \m: [1]INSUMOS!#REF!
Name \r: [1]INSUMOS!#REF!
Name \t: [1]INSUMOS!#REF!
Name \x: [1]INSUMOS!#REF!
Name ___EST12: #REF!
Name __aiu2: [2]AIU!$J$105
Name __EST1: #REF!
Name __EST10: #REF!
Name __EST11: #REF!
Name __EST12: #REF!
Name __EST13: #REF!
Name __EST14: #REF!
Name __EST15: #REF!
Name __EST16: #REF!
Name __EST17: #REF!
Name __EST18: #REF!
Name __EST19: #REF!
Name __EST2: #REF!
Name __EST23: #REF!
Name __EST3: #REF!
Name __EST4: #REF!
Name __EST5: #REF!
Name __EST6: #REF!
Name __EST7: #REF!
Name __EST8: #REF!
Name __EST9: #REF!
Name __EXC1: #REF!
Name __EXC10: #REF!
Name __EXC11: #REF!
Name __EXC12: #REF!
Name __EXC2: #REF!
Name __EXC3: #REF!
Name __EXC4: #REF!
Name __EXC5: #REF!
Name __EXC6: #REF!
Name __EXC7: #REF!
Name __EXC8: #REF!
Name __EXC9: #REF!
Name _aiu2: [2]AIU!$J$105
Name _EST1: #REF!
Name _EST10: #REF!
Name _EST11: #REF!
Name _EST12: #REF!
Name _EST13: #REF!
Name _EST14: #REF!
Name _EST15: #REF!
Name _EST16: #REF!
Name _EST17: #REF!
Name _EST18: #REF!
Name _EST19: #REF!
Name _EST2: #REF!
Name _EST23: #REF!
Name _EST3: #REF!
Name _EST4: #REF!
Name _EST5: #REF!
Name _EST6: #REF!
Name _EST7: #REF!
Name _EST8: #REF!

Sheet Presupuesto Final
B2: CONSTRUCCIÓN DE PLACAS HUELLAS
B4: VEREDA EL AVIÓN, MUNICIPIO DE VILLAMARÍA - CALDAS
B6: PRESUPUESTO DE OBRA
F7: Fecha: | G7: 43741
B9: Item de Pago | C9: Descripción | D9: Und | E9: Cantidad | F9: Valor Unitario | G9: Valor Total
B10: COSTOS DIRECTOS
B11: =+'Item de Pago'!B10 -> 1 | C11: =+'Item de Pago'!C10 -> CONSTRUCCIÓN DE PLACAS HUELLAS | G11: =SUM(G12:G21) -> 102982817
B12: =+'Item de Pago'!B11 -> 1.1 | C12: =IF($B12=0,"",VLOOKUP($B12,'Item de Pago'!B2:F37,2,FALSE)) -> LOCALIZACIÓN Y REPLANTEO | D12: =IF($B12=0,"",VLOOKUP($B12,'Item de Pago'!B2:F38,4,FALSE)) -> M2 | E12: 128.733 | F12: =IF($B12=0,"",VLOOKUP($B12,'Item de Pago'!B2:F37,5,FALSE)) -> 3261 | G12: =ROUND(E12*F12,0) -> 419798
B13: =+'Item de Pago'!B12 -> 1.2 | C13: =IF($B13=0,"",VLOOKUP($B13,'Item de Pago'!B3:F38,2,FALSE)) -> EXCAVACIÓN MANUAL PARA ESTRUCTURAS - MATERIAL COMÚN - 0.0 A 2.0 M | D13: =IF($B13=0,"",VLOOKUP($B13,'Item de Pago'!B3:F39,4,FALSE)) -> M3 | E13: =+'Memorias Cantidades'!J19 -> 165 | F13: =IF($B13=0,"",VLOOKUP($B13,'Item de Pago'!B3:F38,5,FALSE)) -> 25078 | G13: =ROUND(E13*F13,0) -> 4137870
B14: =+'Item de Pago'!B13 -> 1.3 | C14: =IF($B14=0,"",VLOOKUP($B14,'Item de Pago'!B4:F39,2,FALSE)) -> RETIRO DE MATERIAL SOBRANTE EN VOLQUETA, CARGUE MANUAL | D14: =IF($B14=0,"",VLOOKUP($B14,'Item de Pago'!B4:F40,4,FALSE)) -> M3 | E14: =+'Memorias Cantidades'!J20 -> 165 | F14: =IF($B14=0,"",VLOOKUP($B14,'Item de Pago'!B4:F39,5,FALSE)) -> 30666 | G14: =ROUND(E14*F14,0) -> 5059890
B15: =+'Item de Pago'!B14 -> 1.4 | C15: =IF($B15=0,"",VLOOKUP($B15,'Item de Pago'!B5:F40,2,FALSE)) -> CONFORMACIÓN DE LA SUBRASANTE | D15: =IF($B15=0,"",VLOOKUP($B15,'Item de Pago'!B5:F41,4,FALSE)) -> M2 | E15: =+'Memorias Cantidades'!J21 -> 549 | F15: =IF($B15=0,"",VLOOKUP($B15,'Item de Pago'!B5:F40,5,FALSE)) -> 4600 | G15: =ROUND(E15*F15,0) -> 2525400
B16: =+'Item de Pago'!B15 -> 1.5 | C16: =IF($B16=0,"",VLOOKUP($B16,'Item de Pago'!B6:F41,2,FALSE)) -> AFIRMADO COMPACTADO PARA ESTRUCTURAS | D16: =IF($B16=0,"",VLOOKUP($B16,'Item de Pago'!B6:F42,4,FALSE)) -> M3 | E16: =+'Memorias Cantidades'!J22 -> 82 | F16: =IF($B16=0,"",VLOOKUP($B16,'Item de Pago'!B6:F41,5,FALSE)) -> 93336 | G16: =ROUND(E16*F16,0) -> 7653552
B17: =+'Item de Pago'!B16 -> 1.6 | C17: =IF($B17=0,"",VLOOKUP($B17,'Item de Pago'!B7:F42,2,FALSE)) -> CONCRETO DE 210 KG/CM² (3.000 PSI), ESPESOR 0,15 M - PLACAS HUELLAS Y VIGAS RIOSTRAS | D17: =IF($B17=0,"",VLOOKUP($B17,'Item de Pago'!B7:F43,4,FALSE)) -> M3 | E17: =+'Memorias Cantidades'!J23 -> 50 | F17: =IF($B17=0,"",VLOOKUP($B17,'Item de Pago'!B7:F42,5,FALSE)) -> 743871 | G17: =ROUND(E17*F17,0) -> 37193550
B18: =+'Item de Pago'!B17 -> 1.7 | C18: =IF($B18=0,"",VLOOKUP($B18,'Item de Pago'!B8:F43,2,FALSE)) -> CONCRETO CICLÓPEO ESPESOR 0,15 M (60% CONCRETO 3000 PSI Y 40% PIEDRA DE MANO) | D18: =IF($B18=0,"",VLOOKUP($B18,'Item de Pago'!B8:F44,4,FALSE)) -> M3 | E18: =+'Memorias Cantidades'!J24 -> 18 | F18: =IF($B18=0,"",VLOOKUP($B18,'Item de Pago'!B8:F43,5,FALSE)) -> 363786 | G18: =ROUND(E18*F18,0) -> 6548148
B19: =+'Item de Pago'!B18 -> 1.8 | C19: =IF($B19=0,"",VLOOKUP($B19,'Item de Pago'!B9:F44,2,FALSE)) -> ACERO DE REFUERZO 4.200 KG/CM² (60.000 PSI) PARA PLACAS Y RIOSTRAS. (INCLUYE ALAMBRE NEGRO Y FIGURACION) | D19: =IF($B19=0,"",VLOOKUP($B19,'Item de Pago'!B9:F45,4,FALSE)) -> KG | E19: =+'Memorias Cantidades'!J25 -> 5204 | F19: =IF($B19=0,"",VLOOKUP($B19,'Item de Pago'!B9:F44,5,FALSE)) -> 4919 | G19: =ROUND(E19*F19,0) -> 25598476
B20: =+'Item de Pago'!B19 -> 1.9 | C20: =IF($B20=0,"",VLOOKUP($B20,'Item de Pago'!B10:F45,2,FALSE)) -> CUNETA Y BORDILLO PARA VÍA VEHICULAR CONCRETO CLASE II PRODUCIDO EN OBRA | D20: =IF($B20=0,"",VLOOKUP($B20,'Item de Pago'!B10:F46,4,FALSE)) -> M3 | E20: =+'Memorias Cantidades'!J26 -> 25 | F20: =IF($B20=0,"",VLOOKUP($B20,'Item de Pago'!B10:F45,5,FALSE)) -> 553454 | G20: =ROUND(E20*F20,0) -> 13836350
B21: =+'Item de Pago'!B20 -> 1.1 | C21: =IF($B21=0,"",VLOOKUP($B21,'Item de Pago'!B12:F37,2,FALSE)) -> SARDINEL ANCHO = 20 CM H = ENTRE 17 Y 24 CM EN CONCRETO 3000 PSI | D21: =IF($B21=0,"",VLOOKUP($B21,'Item de Pago'!B11:F47,4,FALSE)) -> M2 | E21: =+'Memorias Cantidades'!J27 -> 3 | F21: =IF($B21=0,"",VLOOKUP($B21,'Item de Pago'!B11:F46,5,FALSE)) -> 3261 | G21: =ROUND(E21*F21,0) -> 9783
B23: =+'Item de Pago'!B22 -> 2 | C23: =+'Item de Pago'!C22 -> CONSTRUCCIÓN DE OBRAS DE DRENAJE CON TUBERÍA Y CABEZALES | G23: =SUM(G24:G27) -> 16382259
B24: =+'Item de Pago'!B23 -> 2.1 | C24: =IF($B24=0,"",VLOOKUP($B24,'Item de Pago'!B12:F46,2,FALSE)) -> EXCAVACIÓN MANUAL 4,5 M * 2,1 M * 1,6 M PARA CABEZALES | D24: =IF($B24=0,"",VLOOKUP($B24,'Item de Pago'!B12:F47,4,FALSE)) -> M3 | E24: =+'Memorias Cantidades'!J30 -> 30 | F24: =IF($B24=0,"",VLOOKUP($B24,'Item de Pago'!B12:F46,5,FALSE)) -> 25078 | G24: =ROUND(E24*F24,0) -> 752340
B25: =+'Item de Pago'!B24 -> 2.2 | C25: =IF($B25=0,"",VLOOKUP($B25,'Item de Pago'!B13:F47,2,FALSE)) -> CONCRETO RESISTENCIA 140 KG/CM² (2.000 PSI) PARA SOLADOS EN MUROS Y CABEZALES | D25: =IF($B25=0,"",VLOOKUP($B25,'Item de Pago'!B13:F48,4,FALSE)) -> M3 | E25: =+'Memorias Cantidades'!J31 -> 1 | F25: =IF($B25=0,"",VLOOKUP($B25,'Item de Pago'!B13:F47,5,FALSE)) -> 396302 | G25: =ROUND(E25*F25,0) -> 396302
B26: =+'Item de Pago'!B25 -> 2.3 | C26: =IF($B26=0,"",VLOOKUP($B26,'Item de Pago'!B14:F48,2,FALSE)) -> CABEZAL DE ENTREGA DE AGUAS LLUVIAS EN CONCRETO DE 3000 PSI 250 mm (10"). (Incluye acero de refuerzo ) | D26: =IF($B26=0,"",VLOOKUP($B26,'Item de Pago'!B14:F49,4,FALSE)) -> UND | E26: =+'Memorias Cantidades'!J32 -> 7 | F26: =IF($B26=0,"",VLOOKUP($B26,'Item de Pago'!B14:F48,5,FALSE)) -> 1154418 | G26: =ROUND(E26*F26,0) -> 8080926
B27: =+'Item de Pago'!B26 -> 2.4 | C27: =IF($B27=0,"",VLOOKUP($B27,'Item de Pago'!B15:F49,2,FALSE)) -> TUBERÍA DE DIÁMETRO (36" = 0,9 M) UNA POR CADA 100 M PARA ALCANTARILLAS | D27: =IF($B27=0,"",VLOOKUP($B27,'Item de Pago'!B15:F50,4,FALSE)) -> M | E27: =+'Memorias Cantidades'!J33 -> 6.5 | F27: =IF($B27=0,"",VLOOKUP($B27,'Item de Pago'!B15:F49,5,FALSE)) -> 1100414 | G27: =ROUND(E27*F27,0) -> 7152691
E29: TOTAL COSTO DIRECTO: | G29: =ROUND(SUM(G11:G27)/2,0) -> 119365076
B31: COSTOS INDIRECTOS
E32: Administración: | F32: 0.25 | G32: =ROUND($G$29*F32,0) -> 29841269
E33: Imprevistos: | F33: 0 | G33: =ROUND($G$29*F33,0) -> 0
D34: Utilidad: | F34: 0.05 | G34: =ROUND($G$29*F34,0) -> 5968254
E35: TOTAL COSTO INDIRECTO: | G35: =ROUND(SUM(G32:G34),0) -> 35809523
C37: TOTAL PRESUPUESTO (APROXIMADO AL PESO): | G37: =ROUND(G29+G35,0) -> 155174599
B39: VALOR TOTAL EN LETRAS:
B40: CIENTO CINCUENTA Y CINCO MILLONES, CIENTO SETENTA Y CUATRO MIL, QUINIENTOS NOVENTA Y NUEVE PESOS M/CTE.
B41: NOTA 1: Todas las actividades de este presupuesto, incluyen el suministro, transporte e instalación de cada uno de los materiales. NOTA 2: Se debe tener en cuenta que el PRECIO UNITARIO incluye el valor del IVA (19%).
B42: NOTA 3: Cuando la fracción decimal del peso sea igual o superior a 5 se aproximara por exceso al número entero siguiente del peso y cuando la fracción decimal del peso sea inferior a 5 se aproximará por defecto al número entero del peso.
B43: NOTA 4: El reconocimiento económico de los requerimientos ambientales exigidos por las autoridades ambientales, y/o sociales que son de obligatorio cumplimiento, serán reconocidos a cargo de reembolso de gastos (afectados por un % de administracion).(Ajustar de acuerdo al proyecto)
B44: NOTA 5: El control de tráfico temporal y la señalización provisional necesarios para la ejecución de las obras será por cuenta y riesgo del contratista.
B45: NOTA 6: De acuerdo a la vereda, existen diferentes fuentes de materiales, las cuales serán reconocidas durante visita de campo realizada al sitio, como parte del proceso precontractual.
B52: Elaboró: _________________________________ | E52: Revisó: _______________________________
B53: Ing. Lady Johanna Quintero Osorio | E53: Arq. Estefanía Delgado Osorio
B54: Apoyo Técnico | E54: Secretaria de Infraestructura y Vias
B55: Secretaría de Infraestructura y Vias | E55: Alcaldia de Villamaría, Caldas
C56: Alcaldia de Villamaría, Caldas

Sheet RESUMEN
B2: CONSTRUCCIÓN DE PLACAS HUELLAS
B4: VEREDA SANTO DOMINGO, MUNICIPIO DE VILLAMARÍA - CALDAS
F7: Fecha: | G7: =TODAY() -> 45146
B9: Item de Pago | C9: Descripción | G9: Valor total
B10: 1. | C10: Construcción de Plachas Huellas - Vereda Villarazo (Contrato de Obra) | G10: ='Presupuesto Final Veredas'!G30 -> 275211791
B11: 2. | C11: Construcción de Plachas Huellas - Vereda Villarazo (Contrato de Interventoria)
B12: COSTO TOTAL PROYECTO | G12: =SUM(G10:G11) -> 275211791

Sheet Presupuesto Final Veredas
B2: CONSTRUCCIÓN DE PLACAS HUELLAS - VEREDA VILLARAZO
B4: MUNICIPIO DE VILLAMARÍA - CALDAS
B6: PRESUPUESTO DE OBRA
F7: Fecha: | G7: 45146
B9: Item de Pago | C9: Descripción | D9: Und | E9: Cantidad | F9: Valor Unitario | G9: Valor Total
B10: COSTOS DIRECTOS
B11: =+'Item de Pago'!B10 -> 1 | C11: =+'Item de Pago'!C10 -> CONSTRUCCIÓN DE PLACAS HUELLAS | G11: =SUM(G12:G20) -> 203860586
B12: =+'Item de Pago'!B11 -> 1.1 | C12: =IF($B12=0,"",VLOOKUP($B12,'Item de Pago'!B2:F37,2,FALSE)) -> LOCALIZACIÓN Y REPLANTEO | D12: ML | E12: =+'Memorias Cantidades Veredas'!J47 -> 183 | F12: ='A.P.U. OBRA'!I11 -> 4121 | G12: =ROUND(E12*F12,0) -> 754143
B13: =+'Item de Pago'!B12 -> 1.2 | C13: =IF($B13=0,"",VLOOKUP($B13,'Item de Pago'!B3:F38,2,FALSE)) -> EXCAVACIÓN MANUAL PARA ESTRUCTURAS - MATERIAL COMÚN - 0.0 A 2.0 M | D13: =IF($B13=0,"",VLOOKUP($B13,'Item de Pago'!B3:F39,4,FALSE)) -> M3 | E13: =+'Memorias Cantidades Veredas'!J59 -> 313 | F13: =+'A.P.U. OBRA'!I18 -> 35590 | G13: =ROUND(E13*F13,0) -> 11139670
B14: =+'Item de Pago'!B13 -> 1.3 | C14: =IF($B14=0,"",VLOOKUP($B14,'Item de Pago'!B4:F39,2,FALSE)) -> RETIRO DE MATERIAL SOBRANTE EN VOLQUETA, CARGUE MANUAL | D14: =IF($B14=0,"",VLOOKUP($B14,'Item de Pago'!B4:F40,4,FALSE)) -> M3 | E14: =+'Memorias Cantidades Veredas'!J71 -> 313 | F14: =+'A.P.U. OBRA'!I23 -> 42618 | G14: =ROUND(E14*F14,0) -> 13339434
B15: =+'Item de Pago'!B14 -> 1.4 | C15: =IF($B15=0,"",VLOOKUP($B15,'Item de Pago'!B5:F40,2,FALSE)) -> CONFORMACIÓN DE LA SUBRASANTE | D15: =IF($B15=0,"",VLOOKUP($B15,'Item de Pago'!B5:F41,4,FALSE)) -> M2 | E15: =+'Memorias Cantidades Veredas'!J83 -> 897 | F15: 4600 | G15: =ROUND(E15*F15,0) -> 4126200
B16: =+'Item de Pago'!B15 -> 1.5 | C16: =IF($B16=0,"",VLOOKUP($B16,'Item de Pago'!B6:F41,2,FALSE)) -> AFIRMADO COMPACTADO PARA ESTRUCTURAS | D16: =IF($B16=0,"",VLOOKUP($B16,'Item de Pago'!B6:F42,4,FALSE)) -> M3 | E16: =+'Memorias Cantidades Veredas'!J95 -> 179 | F16: =+'A.P.U. OBRA'!I36 -> 154636 | G16: =ROUND(E16*F16,0) -> 27679844
B17: =+'Item de Pago'!B16 -> 1.6 | C17: =IF($B17=0,"",VLOOKUP($B17,'Item de Pago'!B7:F42,2,FALSE)) -> CONCRETO DE 210 KG/CM² (3.000 PSI), ESPESOR 0,15 M - PLACAS HUELLAS Y VIGAS RIOSTRAS | D17: =IF($B17=0,"",VLOOKUP($B17,'Item de Pago'!B7:F43,4,FALSE)) -> M3 | E17: =+'Memorias Cantidades Veredas'!J104 -> 60 | F17: =+'A.P.U. OBRA'!I44 -> 935166 | G17: =ROUND(E17*F17,0) -> 56109960
B18: =+'Item de Pago'!B17 -> 1.7 | C18: =IF($B18=0,"",VLOOKUP($B18,'Item de Pago'!B8:F43,2,FALSE)) -> CONCRETO CICLÓPEO ESPESOR 0,15 M (60% CONCRETO 3000 PSI Y 40% PIEDRA DE MANO) | D18: =IF($B18=0,"",VLOOKUP($B18,'Item de Pago'!B8:F44,4,FALSE)) -> M3 | E18: =+'Memorias Cantidades Veredas'!J112 -> 23 | F18: =+'A.P.U. OBRA'!I55 -> 524971 | G18: =ROUND(E18*F18,0) -> 12074333
B19: =+'Item de Pago'!B18 -> 1.8 | C19: =IF($B19=0,"",VLOOKUP($B19,'Item de Pago'!B9:F44,2,FALSE)) -> ACERO DE REFUERZO 4.200 KG/CM² (60.000 PSI) PARA PLACAS Y RIOSTRAS. (INCLUYE ALAMBRE NEGRO Y FIGURACION) | D19: =IF($B19=0,"",VLOOKUP($B19,'Item de Pago'!B9:F45,4,FALSE)) -> KG | E19: =+'Memorias Cantidades Veredas'!J129 -> 4535.29 | F19: =+'A.P.U. OBRA'!I64 -> 8459 | G19: =ROUND(E19*F19,0) -> 38364018
B20: =+'Item de Pago'!B19 -> 1.9 | C20: =IF($B20=0,"",VLOOKUP($B20,'Item de Pago'!B10:F45,2,FALSE)) -> CUNETA Y BORDILLO PARA VÍA VEHICULAR CONCRETO CLASE II PRODUCIDO EN OBRA | D20: =IF($B20=0,"",VLOOKUP($B20,'Item de Pago'!B10:F46,4,FALSE)) -> M3 | E20: =+'Memorias Cantidades Veredas'!J138 -> 47 | F20: =+'A.P.U. OBRA'!I72 -> 856872 | G20: =ROUND(E20*F20,0) -> 40272984
E22: TOTAL COSTO DIRECTO: | G22: =ROUND(SUM(G11:G21)/2,0) -> 203860586
B24: COSTOS INDIRECTOS
E25: Administración: | F25: 0.3 | G25: =ROUND($G$22*F25,0) -> 61158176
E26: Imprevistos: | F26: 0 | G26: =ROUND($G$22*F26,0) -> 0
D27: Utilidad: | F27: 0.05 | G27: =ROUND($G$22*F27,0) -> 10193029
E28: TOTAL COSTO INDIRECTO: | G28: =ROUND(SUM(G25:G27),0) -> 71351205
C30: TOTAL PRESUPUESTO (APROXIMADO AL PESO): | G30: =ROUND(G22+G28,0) -> 275211791
B32: VALOR TOTAL EN LETRAS:
B33: DOSCIENTOS SETENTA Y CINCO MILLONES DOSCIENTOS ONCE MIL SETECIENTOS NOVENTA Y UN PESOS
B34: NOTA 1: Todas las actividades de este presupuesto, incluyen el suministro, transporte e instalación de cada uno de los materiales. NOTA 2: Se debe tener en cuenta que el PRECIO UNITARIO incluye el valor del IVA (19%).
B35: NOTA 3: Cuando la fracción decimal del peso sea igual o superior a 5 se aproximara por exceso al número entero siguiente del peso y cuando la fracción decimal del peso sea inferior a 5 se aproximará por defecto al número entero del peso.
B36: NOTA 4: El reconocimiento económico de los requerimientos ambientales exigidos por las autoridades ambientales, y/o sociales que son de obligatorio cumplimiento, serán reconocidos a cargo de reembolso de gastos (afectados por un % de administracion).
B37: NOTA 5: El control de tráfico temporal y la señalización provisional necesarios para la ejecución de las obras será por cuenta y riesgo del contratista.

Sheet Memorias Cantidades
B2: CONSTRUCCIÓN DE PLACAS HUELLAS
B4: VEREDA EL AVIÓN, MUNICIPIO DE VILLAMARÍA - CALDAS
B6: MEMORIA DE CÁLCULO
H7: Fecha: | I7: 43741
B9: MUNICIPIO: | C9: VEREDA EL AVIÓN, MUNICIPIO DE VILLAMARÍA - CALDAS | G9: ID PROYECTO:
B11: DURACIÓN DEL PROYECTO EN MESES: | D11: DOS (2) Meses | G11: CONSTRUCCIÓN DE PLACAS HUELLAS
B14: RESUMEN MEMORIA DE CÁLCULO
B16: Item pago | C16: DESCRIPCIÓN | I16: UNID. | J16: CANT.
B17: =+'Item de Pago'!B10 -> 1 | C17: =IF($B17=0,"",VLOOKUP($B17,'Item de Pago'!B1:F36,2,FALSE)) -> CONSTRUCCIÓN DE PLACAS HUELLAS
B18: 1.1 | C18: =IF($B18=0,"",VLOOKUP($B18,'Item de Pago'!B2:F37,2,FALSE)) -> LOCALIZACIÓN Y REPLANTEO | I18: =IF($B18=0,"",VLOOKUP($B18,'Item de Pago'!B2:F37,4,FALSE)) -> M2 | J18: =+J52 -> 129
B19: 1.2 | C19: =IF($B19=0,"",VLOOKUP($B19,'Item de Pago'!B3:F38,2,FALSE)) -> EXCAVACIÓN MANUAL PARA ESTRUCTURAS - MATERIAL COMÚN - 0.0 A 2.0 M | I19: =IF($B19=0,"",VLOOKUP($B19,'Item de Pago'!B3:F38,4,FALSE)) -> M3 | J19: =+J64 -> 165
B20: 1.3 | C20: =IF($B20=0,"",VLOOKUP($B20,'Item de Pago'!B4:F39,2,FALSE)) -> RETIRO DE MATERIAL SOBRANTE EN VOLQUETA, CARGUE MANUAL | I20: =IF($B20=0,"",VLOOKUP($B20,'Item de Pago'!B4:F39,4,FALSE)) -> M3 | J20: =+J76 -> 165
B21: 1.4 | C21: =IF($B21=0,"",VLOOKUP($B21,'Item de Pago'!B5:F40,2,FALSE)) -> CONFORMACIÓN DE LA SUBRASANTE | I21: =IF($B21=0,"",VLOOKUP($B21,'Item de Pago'!B5:F40,4,FALSE)) -> M2 | J21: =+J88 -> 549
B22: 1.5 | C22: =IF($B22=0,"",VLOOKUP($B22,'Item de Pago'!B6:F41,2,FALSE)) -> AFIRMADO COMPACTADO PARA ESTRUCTURAS | I22: =IF($B22=0,"",VLOOKUP($B22,'Item de Pago'!B6:F41,4,FALSE)) -> M3 | J22: =+J100 -> 82
B23: 1.6 | C23: =IF($B23=0,"",VLOOKUP($B23,'Item de Pago'!B7:F42,2,FALSE)) -> CONCRETO DE 210 KG/CM² (3.000 PSI), ESPESOR 0,15 M - PLACAS HUELLAS Y VIGAS RIOSTRAS | I23: =IF($B23=0,"",VLOOKUP($B23,'Item de Pago'!B7:F42,4,FALSE)) -> M3 | J23: =+J109 -> 50
B24: 1.7 | C24: =IF($B24=0,"",VLOOKUP($B24,'Item de Pago'!B8:F43,2,FALSE)) -> CONCRETO CICLÓPEO ESPESOR 0,15 M (60% CONCRETO 3000 PSI Y 40% PIEDRA DE MANO) | I24: =IF($B24=0,"",VLOOKUP($B24,'Item de Pago'!B8:F43,4,FALSE)) -> M3 | J24: =+J117 -> 18
B25: 1.8 | C25: =IF($B25=0,"",VLOOKUP($B25,'Item de Pago'!B9:F44,2,FALSE)) -> ACERO DE REFUERZO 4.200 KG/CM² (60.000 PSI) PARA PLACAS Y RIOSTRAS. (INCLUYE ALAMBRE NEGRO Y FIGURACION) | I25: =IF($B25=0,"",VLOOKUP($B25,'Item de Pago'!B9:F44,4,FALSE)) -> KG | J25: =+J134 -> 5204
B26: 1.9 | C26: =IF($B26=0,"",VLOOKUP($B26,'Item de Pago'!B10:F45,2,FALSE)) -> CUNETA Y BORDILLO PARA VÍA VEHICULAR CONCRETO CLASE II PRODUCIDO EN OBRA | I26: =IF($B26=0,"",VLOOKUP($B26,'Item de Pago'!B10:F45,4,FALSE)) -> M3 | J26: =+J144 -> 25
B27: 1.1 | C27: =+'Item de Pago'!C20 -> SARDINEL ANCHO = 20 CM H = ENTRE 17 Y 24 CM EN CONCRETO 3000 PSI | I27: =IF($B27=0,"",VLOOKUP($B27,'Item de Pago'!B11:F46,4,FALSE)) -> M2 | J27: =+J152 -> 3
B29: =+'Item de Pago'!B22 -> 2 | C29: =IF($B29=0,"",VLOOKUP($B29,'Item de Pago'!B10:F45,2,FALSE)) -> CONSTRUCCIÓN DE OBRAS DE DRENAJE CON TUBERÍA Y CABEZALES
B30: =+'Item de Pago'!B23 -> 2.1 | C30: =IF($B30=0,"",VLOOKUP($B30,'Item de Pago'!B12:F46,2,FALSE)) -> EXCAVACIÓN MANUAL 4,5 M * 2,1 M * 1,6 M PARA CABEZALES | I30: =IF($B30=0,"",VLOOKUP($B30,'Item de Pago'!B12:F46,4,FALSE)) -> M3 | J30: =+J162 -> 30
B31: #REF! | C31: =IF($B31=0,"",VLOOKUP($B31,'Item de Pago'!B13:F47,2,FALSE)) -> #REF! | I31: =IF($B31=0,"",VLOOKUP($B31,'Item de Pago'!B13:F47,4,FALSE)) -> #REF! | J31: =+J175 -> 1
B32: =+'Item de Pago'!B25 -> 2.3 | C32: =IF($B32=0,"",VLOOKUP($B32,'Item de Pago'!B14:F48,2,FALSE)) -> CABEZAL DE ENTREGA DE AGUAS LLUVIAS EN CONCRETO DE 3000 PSI 250 mm (10"). (Incluye acero de refuerzo ) | I32: =IF($B32=0,"",VLOOKUP($B32,'Item de Pago'!B14:F48,4,FALSE)) -> UND | J32: =+J189 -> 7
B33: #REF! | C33: =IF($B33=0,"",VLOOKUP($B33,'Item de Pago'!B15:F49,2,FALSE)) -> #REF! | I33: =IF($B33=0,"",VLOOKUP($B33,'Item de Pago'!B15:F49,4,FALSE)) -> #REF! | J33: =+J197 -> 6.5
B35: MEMORIAS DE CÁLCULO
B37: REFERENCIA | C37: CANTIDAD | D37: LONGITUD | E37: ANCHO | F37: 52 Placas Huellas de 2,50 m | H37: 66 Riostras de 0,20 m de ancho | J37: Longitud Total
B38: Cinta huella perimetral | C38: 2 | D38: =+F38 -> 118.82481 | E38: =+(1+1+0.15)/2 -> 1.075 | F38: =(11+36.529925)*2.5 -> 118.82481 | H38: =(12+38)*0.2 -> 10 | J38: =SUM(F38:I38) -> 128.82481
B39: Cinta huella central (Ciclópeo) | C39: 1 | D39: =+F38 -> 118.82481 | E39: 1
B40: Bordillo | C40: 1 | D40: =+J38 -> 128.82481 | E40: 0.2
B41: Cuneta | C41: 1 | D41: =+J38 -> 128.82481 | E41: 0.85
B42: Riostras | C42: 66 | D42: 3 | E42: 0.2
B43: Sardinel | C43: 1 | D43: =+J38 -> 128.82481 | E43: 0.2
B45: =+'Item de Pago'!B10 -> 1 | C45: =IF($B45=0,"",VLOOKUP($B45,'Item de Pago'!$B$2:$F$37,2,FALSE)) -> CONSTRUCCIÓN DE PLACAS HUELLAS
B47: ITEM DE PAGO | C47: DESCRIPCIÓN | J47: UNID.
B48: =+'Item de Pago'!B11 -> 1.1 | C48: =IF($B48=0,"",VLOOKUP($B48,'Item de Pago'!$B$2:$F$37,2,FALSE)) -> LOCALIZACIÓN Y REPLANTEO | J48: =IF($B48=0,"",VLOOKUP($B48,'Item de Pago'!$B$2:$F$37,4,FALSE)) -> M2
B50: Área/lugar/elemento | D50: Longitud (m) | E50: Ancho (m) | F50: Espesor | G50: Vr. Parcial | I50: No. de Elemenstos | J50: Total
B51: =+C48 -> LOCALIZACIÓN Y REPLANTEO | D51: =+J38 -> 128.82481 | G51: =+D51:D52 -> 128.82481 | I51: 1 | J51: =+G51*I51 -> 128.82481
J52: =ROUND(SUM(J51:J51),0) -> 129
B55: ITEM DE PAGO | C55: DESCRIPCIÓN | J55: UNID.
B56: =+'Item de Pago'!B12 -> 1.2 | C56: =IF($B56=0,"",VLOOKUP($B56,'Item de Pago'!$B$2:$F$37,2,FALSE)) -> EXCAVACIÓN MANUAL PARA ESTRUCTURAS - MATERIAL COMÚN - 0.0 A 2.0 M | J56: =IF($B56=0,"",VLOOKUP($B56,'Item de Pago'!$B$2:$F$37,4,FALSE)) -> M3
B58: Área/lugar/elemento | D58: Longitud (m) | E58: Ancho (m) | F58: Espesor | G58: Vr. Parcial | I58: No. de Elemenstos | J58: Total
B59: Cinta huella perimetral | D59: =+VLOOKUP(B59,$B$38:$E$42,3,FALSE) -> 118.82481 | E59: =+VLOOKUP(B59,$B$38:$E$42,4,FALSE) -> 1.075 | F59: 0.3 | G59: =+D59*E59*F59 -> 38.321002 | I59: =+VLOOKUP(B59,$B$38:$E$42,2,FALSE) -> 2 | J59: =+G59*I59 -> 76.642004
B60: Cinta huella central (Ciclópeo) | D60: =+VLOOKUP(B60,$B$38:$E$42,3,FALSE) -> 118.82481 | E60: =+VLOOKUP(B60,$B$38:$E$42,4,FALSE) -> 1 | F60: 0.3 | G60: =+D60*E60*F60 -> 35.647444 | I60: =+VLOOKUP(B60,$B$38:$E$42,2,FALSE) -> 1 | J60: =+G60*I60 -> 35.647444
B61: Bordillo | D61: =+VLOOKUP(B61,$B$38:$E$42,3,FALSE) -> 128.82481 | E61: =+VLOOKUP(B61,$B$38:$E$42,4,FALSE) -> 0.2 | F61: 0.3 | G61: =+D61*E61*F61 -> 7.7294888 | I61: =+VLOOKUP(B61,$B$38:$E$42,2,FALSE) -> 1 | J61: =+G61*I61 -> 7.7294888
B62: Cuneta | D62: =+VLOOKUP(B62,$B$38:$E$42,3,FALSE) -> 128.82481 | E62: =+VLOOKUP(B62,$B$38:$E$42,4,FALSE) -> 0.85 | F62: 0.3 | G62: =+D62*E62*F62 -> 32.850327 | I62: =+VLOOKUP(B62,$B$38:$E$42,2,FALSE) -> 1 | J62: =+G62*I62 -> 32.850327
B63: Riostras | D63: =+VLOOKUP(B63,$B$38:$E$42,3,FALSE) -> 3 | E63: =+VLOOKUP(B63,$B$38:$E$42,4,FALSE) -> 0.2 | F63: 0.3 | G63: =+D63*E63*F63 -> 0.18 | I63: =+VLOOKUP(B63,$B$38:$E$42,2,FALSE) -> 66 | J63: =+G63*I63 -> 11.88
J64: =ROUND(SUM(J59:J63),0) -> 165
B67: ITEM DE PAGO | C67: DESCRIPCIÓN | J67: UNID.
B68: =+'Item de Pago'!B13 -> 1.3 | C68: =IF($B68=0,"",VLOOKUP($B68,'Item de Pago'!$B$2:$F$37,2,FALSE)) -> RETIRO DE MATERIAL SOBRANTE EN VOLQUETA, CARGUE MANUAL | J68: =IF($B68=0,"",VLOOKUP($B68,'Item de Pago'!$B$2:$F$37,4,FALSE)) -> M3
B70: Área/lugar/elemento | D70: Longitud (m) | E70: Ancho (m) | F70: Espesor | G70: Vr. Parcial | I70: No. de Elemenstos | J70: Total
B71: Cinta huella perimetral | D71: =+VLOOKUP(B71,$B$38:$E$42,3,FALSE) -> 118.82481 | E71: =+VLOOKUP(B71,$B$38:$E$42,4,FALSE) -> 1.075 | F71: 0.3 | G71: =+D71*E71*F71 -> 38.321002 | I71: =+VLOOKUP(B71,$B$38:$E$42,2,FALSE) -> 2 | J71: =+G71*I71 -> 76.642004
B72: Cinta huella central (Ciclópeo) | D72: =+VLOOKUP(B72,$B$38:$E$42,3,FALSE) -> 118.82481 | E72: =+VLOOKUP(B72,$B$38:$E$42,4,FALSE) -> 1 | F72: 0.3 | G72: =+D72*E72*F72 -> 35.647444 | I72: =+VLOOKUP(B72,$B$38:$E$42,2,FALSE) -> 1 | J72: =+G72*I72 -> 35.647444
B73: Bordillo | D73: =+VLOOKUP(B73,$B$38:$E$42,3,FALSE) -> 128.82481 | E73: =+VLOOKUP(B73,$B$38:$E$42,4,FALSE) -> 0.2 | F73: 0.3 | G73: =+D73*E73*F73 -> 7.7294888 | I73: =+VLOOKUP(B73,$B$38:$E$42,2,FALSE) -> 1 | J73: =+G73*I73 -> 7.7294888
B74: Cuneta | D74: =+VLOOKUP(B74,$B$38:$E$42,3,FALSE) -> 128.82481 | E74: =+VLOOKUP(B74,$B$38:$E$42,4,FALSE) -> 0.85 | F74: 0.3 | G74: =+D74*E74*F74 -> 32.850327 | I74: =+VLOOKUP(B74,$B$38:$E$42,2,FALSE) -> 1 | J74: =+G74*I74 -> 32.850327
B75: Riostras | D75: =+VLOOKUP(B75,$B$38:$E$42,3,FALSE) -> 3 | E75: =+VLOOKUP(B75,$B$38:$E$42,4,FALSE) -> 0.2 | F75: 0.3 | G75: =+D75*E75*F75 -> 0.18 | I75: =+VLOOKUP(B75,$B$38:$E$42,2,FALSE) -> 66 | J75: =+G75*I75 -> 11.88
J76: =ROUND(SUM(J71:J75),0) -> 165
B79: ITEM DE PAGO | C79: DESCRIPCIÓN | J79: UNID.
B80: =+'Item de Pago'!B14 -> 1.4 | C80: =IF($B80=0,"",VLOOKUP($B80,'Item de Pago'!$B$2:$F$37,2,FALSE)) -> CONFORMACIÓN DE LA SUBRASANTE | J80: =IF($B80=0,"",VLOOKUP($B80,'Item de Pago'!$B$2:$F$37,4,FALSE)) -> M2
B82: Área/lugar/elemento | D82: Longitud (m) | E82: Ancho (m) | F82: Espesor | G82: Vr. Parcial | I82: No. de Elemenstos | J82: Total
B83: Cinta huella perimetral | D83: =+VLOOKUP(B83,$B$38:$E$42,3,FALSE) -> 118.82481 | E83: =+VLOOKUP(B83,$B$38:$E$42,4,FALSE) -> 1.075 | G83: =+D83*E83 -> 127.73667 | I83: =+VLOOKUP(B83,$B$38:$E$42,2,FALSE) -> 2 | J83: =+G83*I83 -> 255.47335
B84: Cinta huella central (Ciclópeo) | D84: =+VLOOKUP(B84,$B$38:$E$42,3,FALSE) -> 118.82481 | E84: =+VLOOKUP(B84,$B$38:$E$42,4,FALSE) -> 1 | G84: =+D84*E84 -> 118.82481 | I84: =+VLOOKUP(B84,$B$38:$E$42,2,FALSE) -> 1 | J84: =+G84*I84 -> 118.82481
B85: Bordillo | D85: =+VLOOKUP(B85,$B$38:$E$42,3,FALSE) -> 128.82481 | E85: =+VLOOKUP(B85,$B$38:$E$42,4,FALSE) -> 0.2 | G85: =+D85*E85 -> 25.764963 | I85: =+VLOOKUP(B85,$B$38:$E$42,2,FALSE) -> 1 | J85: =+G85*I85 -> 25.764963
B86: Cuneta | D86: =+VLOOKUP(B86,$B$38:$E$42,3,FALSE) -> 128.82481 | E86: =+VLOOKUP(B86,$B$38:$E$42,4,FALSE) -> 0.85 | G86: =+D86*E86 -> 109.50109 | I86: =+VLOOKUP(B86,$B$38:$E$42,2,FALSE) -> 1 | J86: =+G86*I86 -> 109.50109
B87: Riostras | D87: =+VLOOKUP(B87,$B$38:$E$42,3,FALSE) -> 3 | E87: =+VLOOKUP(B87,$B$38:$E$42,4,FALSE) -> 0.2 | G87: =+D87*E87 -> 0.6 | I87: =+VLOOKUP(B87,$B$38:$E$42,2,FALSE) -> 66 | J87: =+G87*I87 -> 39.6
J88: =ROUND(SUM(J83:J87),0) -> 549
B91: ITEM DE PAGO | C91: DESCRIPCIÓN | J91: UNID.
B92: =+'Item de Pago'!B15 -> 1.5 | C92: =IF($B92=0,"",VLOOKUP($B92,'Item de Pago'!$B$2:$F$37,2,FALSE)) -> AFIRMADO COMPACTADO PARA ESTRUCTURAS | J92: =IF($B92=0,"",VLOOKUP($B92,'Item de Pago'!$B$2:$F$37,4,FALSE)) -> M3
B94: Área/lugar/elemento | D94: Longitud (m) | E94: Ancho (m) | F94: Espesor | G94: Vr. Parcial | I94: No. de Elemenstos | J94: Total
B95: Cinta huella perimetral | D95: =+VLOOKUP(B95,$B$38:$E$42,3,FALSE) -> 118.82481 | E95: =+VLOOKUP(B95,$B$38:$E$42,4,FALSE) -> 1.075 | F95: 0.15 | G95: =+D95*E95*F95 -> 19.160501 | I95: =+VLOOKUP(B95,$B$38:$E$42,2,FALSE) -> 2 | J95: =+G95*I95 -> 38.321002
B96: Cinta huella central (Ciclópeo) | D96: =+VLOOKUP(B96,$B$38:$E$42,3,FALSE) -> 118.82481 | E96: =+VLOOKUP(B96,$B$38:$E$42,4,FALSE) -> 1 | F96: 0.15 | G96: =+D96*E96*F96 -> 17.823722 | I96: =+VLOOKUP(B96,$B$38:$E$42,2,FALSE) -> 1 | J96: =+G96*I96 -> 17.823722
B97: Bordillo | D97: =+VLOOKUP(B97,$B$38:$E$42,3,FALSE) -> 128.82481 | E97: =+VLOOKUP(B97,$B$38:$E$42,4,FALSE) -> 0.2 | F97: 0.15 | G97: =+D97*E97*F97 -> 3.8647444 | I97: =+VLOOKUP(B97,$B$38:$E$42,2,FALSE) -> 1 | J97: =+G97*I97 -> 3.8647444
B98: Cuneta | D98: =+VLOOKUP(B98,$B$38:$E$42,3,FALSE) -> 128.82481 | E98: =+VLOOKUP(B98,$B$38:$E$42,4,FALSE) -> 0.85 | F98: 0.15 | G98: =+D98*E98*F98 -> 16.425164 | I98: =+VLOOKUP(B98,$B$38:$E$42,2,FALSE) -> 1 | J98: =+G98*I98 -> 16.425164
B99: Riostras | D99: =+VLOOKUP(B99,$B$38:$E$42,3,FALSE) -> 3 | E99: =+VLOOKUP(B99,$B$38:$E$42,4,FALSE) -> 0.2 | F99: 0.15 | G99: =+D99*E99*F99 -> 0.09 | I99: =+VLOOKUP(B99,$B$38:$E$42,2,FALSE) -> 66 | J99: =+G99*I99 -> 5.94
J100: =ROUND(SUM(J95:J99),0) -> 82
B103: ITEM DE PAGO | C103: DESCRIPCIÓN | J103: UNID.
B104: =+'Item de Pago'!B16 -> 1.6 | C104: =IF($B104=0,"",VLOOKUP($B104,'Item de Pago'!$B$2:$F$37,2,FALSE)) -> CONCRETO DE 210 KG/CM² (3.000 PSI), ESPESOR 0,15 M - PLACAS HUELLAS Y VIGAS RIOSTRAS | J104: =IF($B104=0,"",VLOOKUP($B104,'Item de Pago'!$B$2:$F$37,4,FALSE)) -> M3
B106: Área/lugar/elemento | D106: Longitud (m) | E106: Ancho (m) | F106: Espesor | G106: Vr. Parcial | I106: No. de Elemenstos | J106: Total
B107: Cinta huella perimetral | D107: =+VLOOKUP(B107,$B$38:$E$42,3,FALSE) -> 118.82481 | E107: =+VLOOKUP(B107,$B$38:$E$42,4,FALSE) -> 1.075 | F107: 0.15 | G107: =+D107*E107*F107 -> 19.160501 | I107: =+VLOOKUP(B107,$B$38:$E$42,2,FALSE) -> 2 | J107: =+G107*I107 -> 38.321002
B108: Riostras | D108: =+VLOOKUP(B108,$B$38:$E$42,3,FALSE) -> 3 | E108: =+VLOOKUP(B108,$B$38:$E$42,4,FALSE) -> 0.2 | F108: 0.3 | G108: =+D108*E108*F108 -> 0.18 | I108: =+VLOOKUP(B108,$B$38:$E$42,2,FALSE) -> 66 | J108: =+G108*I108 -> 11.88
J109: =ROUND(SUM(J107:J108),0) -> 50
B112: ITEM DE PAGO | C112: DESCRIPCIÓN | J112: UNID.
B113: 1.7 | C113: =IF($B113=0,"",VLOOKUP($B113,'Item de Pago'!$B$2:$F$37,2,FALSE)) -> CONCRETO CICLÓPEO ESPESOR 0,15 M (60% CONCRETO 3000 PSI Y 40% PIEDRA DE MANO) | J113: =IF($B113=0,"",VLOOKUP($B113,'Item de Pago'!$B$2:$F$37,4,FALSE)) -> M3
B115: Área/lugar/elemento | D115: Longitud (m) | E115: Ancho (m) | F115: Espesor | G115: Vr. Parcial | I115: No. de Elemenstos | J115: Total
B116: Cinta huella central (Ciclópeo) | D116: =+VLOOKUP(B116,$B$38:$E$42,3,FALSE) -> 118.82481 | E116: =+VLOOKUP(B116,$B$38:$E$42,4,FALSE) -> 1 | F116: 0.15 | G116: =+D116*E116*F116 -> 17.823722 | I116: =+VLOOKUP(B116,$B$38:$E$42,2,FALSE) -> 1 | J116: =+G116*I116 -> 17.823722
J117: =ROUND(SUM(J116:J116),0) -> 18
B120: ITEM DE PAGO | C120: DESCRIPCIÓN | J120: UNID.
B121: 1.8 | C121: =IF($B121=0,"",VLOOKUP($B121,'Item de Pago'!$B$2:$F$37,2,FALSE)) -> ACERO DE REFUERZO 4.200 KG/CM² (60.000 PSI) PARA PLACAS Y RIOSTRAS. (INCLUYE ALAMBRE NEGRO Y FIGURACION) | J121: =IF($B121=0,"",VLOOKUP($B121,'Item de Pago'!$B$2:$F$37,4,FALSE)) -> KG
B123: Área/lugar/elemento | D123: Longitud (m) | E123: Ancho (m) | F123: No. Varillas | G123: Peso (Kg) | H123: Vr. Parcial | I123: No. de Elemenstos | J123: Total
B124: Cinta huella perimetral | C124: longitudinal | D124: =+J38+0.3 -> 129.12481 | F124: 6 | G124: 0.994 | H124: =+D124*F124*G124 -> 770.10038 | I124: =+VLOOKUP($B$124,$B$38:$E$42,2,FALSE) -> 2 | J124: =+H124*I124 -> 1540.2008
C125: transversal | D125: =+$E$38+0.1 -> 1.175 | F125: =ROUNDUP($D$38/0.2,0) -> 595 | G125: 0.56 | H125: =+D125*F125*G125 -> 391.51 | I125: =+VLOOKUP($B$124,$B$38:$E$42,2,FALSE) -> 2 | J125: =+H125*I125 -> 783.02
B126: Sardinel | C126: longitudinal | D126: =+VLOOKUP(B126,$B$38:$E$43,3,FALSE) -> 128.82481 | F126: 1 | G126: =G125 -> 0.56 | H126: =+D126*F126*G126 -> 72.141895 | I126: =+VLOOKUP($B$126,$B$38:$E$43,2,FALSE) -> 1 | J126: =+H126*I126 -> 72.141895
C127: Gancho | D127: 0.3 | F127: =ROUNDUP($D$126/0.15,0) -> 859 | G127: =+G125 -> 0.56 | H127: =+D127*F127*G127 -> 144.312 | I127: =+VLOOKUP($B$126,$B$38:$E$43,2,FALSE) -> 1 | J127: =+H127*I127 -> 144.312
B128: Bordillo | C128: longitudinal | D128: =+VLOOKUP(B128,$B$38:$E$43,3,FALSE) -> 128.82481 | F128: 2 | G128: =+G124 -> 0.994 | H128: =+D128*F128*G128 -> 256.10373 | I128: 1 | J128: =+H128*I128 -> 256.10373
C129: transversal | D129: 0.4 | F129: =+D128/0.15 -> 858.83208 | G129: =+G127 -> 0.56 | H129: =+D129*F129*G129 -> 192.37839 | I129: 1 | J129: =+H129*I129 -> 192.37839
B130: Cuneta | C130: longitudinal | D130: =+VLOOKUP(B130,$B$38:$E$43,3,FALSE) -> 128.82481 | F130: 5 | G130: =+G128 -> 0.994 | H130: =+D130*F130*G130 -> 640.25932 | I130: 1 | J130: =+H130*I130 -> 640.25932
C131: transversal | D131: 0.81 | F131: =ROUNDUP(D130/0.2,0) -> 645 | G131: =+G125 -> 0.56 | H131: =+D131*F131*G131 -> 292.572 | I131: 1 | J131: =+H131*I131 -> 292.572
B132: Riostras | C132: longitudinal | D132: =+VLOOKUP(B132,$B$38:$E$43,3,FALSE) -> 3 | F132: 4 | G132: =+G130 -> 0.994 | H132: =+D132*F132*G132 -> 11.928 | I132: =+VLOOKUP($B$132,$B$38:$E$42,2,FALSE) -> 66 | J132: =+H132*I132 -> 787.248
C133: transversal | D133: 0.67 | F133: =+D132/0.15 -> 20 | G133: =+G131 -> 0.56 | H133: =+D133*F133*G133 -> 7.504 | I133: =+VLOOKUP($B$132,$B$38:$E$42,2,FALSE) -> 66 | J133: =+H133*I133 -> 495.264
J134: =ROUND(SUM(J124:J133),0) -> 5204
B137: ITEM DE PAGO | C137: DESCRIPCIÓN | J137: UNID.
...

Sheet Memorias Cantidades Veredas
B2: CONSTRUCCIÓN DE PLACAS HUELLAS
B4: VEREDA TIPO MUNICIPIO DE VILLAMARÍA - CALDAS
B6: MEMORIA DE CÁLCULO
H7: Fecha: | I7: 45146
B9: MUNICIPIO: | C9: VEREDA POMOS Y SAN JULIAN MUNICIPIO DE VILLAMARÍA - CALDAS | G9: ID PROYECTO:
B11: DURACIÓN DEL PROYECTO EN MESES: | D11: (2) Meses | G11: CONSTRUCCIÓN DE PLACAS HUELLAS
B14: RESUMEN MEMORIA DE CÁLCULO
B16: Item pago | C16: DESCRIPCIÓN | I16: UNID. | J16: CANT.
B17: =+'Item de Pago'!B10 -> 1 | C17: =IF($B17=0,"",VLOOKUP($B17,'Item de Pago'!B1:F36,2,FALSE)) -> CONSTRUCCIÓN DE PLACAS HUELLAS
B18: 1.1 | C18: =IF($B18=0,"",VLOOKUP($B18,'Item de Pago'!B2:F37,2,FALSE)) -> LOCALIZACIÓN Y REPLANTEO | I18: =IF($B18=0,"",VLOOKUP($B18,'Item de Pago'!B2:F37,4,FALSE)) -> M2 | J18: =+J47 -> 183 | L18: 1107
B19: 1.2 | C19: =IF($B19=0,"",VLOOKUP($B19,'Item de Pago'!B3:F38,2,FALSE)) -> EXCAVACIÓN MANUAL PARA ESTRUCTURAS - MATERIAL COMÚN - 0.0 A 2.0 M | I19: =IF($B19=0,"",VLOOKUP($B19,'Item de Pago'!B3:F38,4,FALSE)) -> M3 | J19: =+J59 -> 313 | L19: 1951
B20: 1.3 | C20: =IF($B20=0,"",VLOOKUP($B20,'Item de Pago'!B4:F39,2,FALSE)) -> RETIRO DE MATERIAL SOBRANTE EN VOLQUETA, CARGUE MANUAL | I20: =IF($B20=0,"",VLOOKUP($B20,'Item de Pago'!B4:F39,4,FALSE)) -> M3 | J20: =+J71 -> 313 | L20: 1951
B21: 1.4 | C21: =IF($B21=0,"",VLOOKUP($B21,'Item de Pago'!B5:F40,2,FALSE)) -> CONFORMACIÓN DE LA SUBRASANTE | I21: =IF($B21=0,"",VLOOKUP($B21,'Item de Pago'!B5:F40,4,FALSE)) -> M2 | J21: =+J83 -> 897 | L21: 5757
B22: 1.5 | C22: =IF($B22=0,"",VLOOKUP($B22,'Item de Pago'!B6:F41,2,FALSE)) -> AFIRMADO COMPACTADO PARA ESTRUCTURAS | I22: =IF($B22=0,"",VLOOKUP($B22,'Item de Pago'!B6:F41,4,FALSE)) -> M3 | J22: =+J95 -> 179 | L22: 1151
B23: 1.6 | C23: =IF($B23=0,"",VLOOKUP($B23,'Item de Pago'!B7:F42,2,FALSE)) -> CONCRETO DE 210 KG/CM² (3.000 PSI), ESPESOR 0,15 M - PLACAS HUELLAS Y VIGAS RIOSTRAS | I23: =IF($B23=0,"",VLOOKUP($B23,'Item de Pago'!B7:F42,4,FALSE)) -> M3 | J23: =+J104 -> 60 | L23: 417
B24: 1.7 | C24: =IF($B24=0,"",VLOOKUP($B24,'Item de Pago'!B8:F43,2,FALSE)) -> CONCRETO CICLÓPEO ESPESOR 0,15 M (60% CONCRETO 3000 PSI Y 40% PIEDRA DE MANO) | I24: =IF($B24=0,"",VLOOKUP($B24,'Item de Pago'!B8:F43,4,FALSE)) -> M3 | J24: =+J112 -> 23 | L24: 165
B25: 1.8 | C25: =IF($B25=0,"",VLOOKUP($B25,'Item de Pago'!B9:F44,2,FALSE)) -> ACERO DE REFUERZO 4.200 KG/CM² (60.000 PSI) PARA PLACAS Y RIOSTRAS. (INCLUYE ALAMBRE NEGRO Y FIGURACION) | I25: =IF($B25=0,"",VLOOKUP($B25,'Item de Pago'!B9:F44,4,FALSE)) -> KG | J25: =+J129 -> 4535.29 | L25: 34046.28
B26: 1.9 | C26: =IF($B26=0,"",VLOOKUP($B26,'Item de Pago'!B10:F45,2,FALSE)) -> CUNETA Y BORDILLO PARA VÍA VEHICULAR CONCRETO CLASE II PRODUCIDO EN OBRA | I26: =IF($B26=0,"",VLOOKUP($B26,'Item de Pago'!B10:F45,4,FALSE)) -> M3 | J26: =+J138 -> 47 | L26: 315
B27: 1.1 | C27: =+'Item de Pago'!C20 -> SARDINEL ANCHO = 20 CM H = ENTRE 17 Y 24 CM EN CONCRETO 3000 PSI | I27: =IF($B27=0,"",VLOOKUP($B27,'Item de Pago'!B11:F46,4,FALSE)) -> M2 | J27: =+J146 -> 0 | L27: 25
B30: MEMORIAS DE CÁLCULO
B32: REFERENCIA | C32: CANTIDAD | D32: LONGITUD | E32: ANCHO | F32: 46 Placas Huellas de 3,00 m | H32: 47 Riostras de 0,20 m de ancho | J32: Longitud Total
B33: Cinta huella perimetral | C33: 2 | D33: =+J33 -> 183 | E33: 0.9 | F33: =57*3 -> 171 | H33: =58*0.2 -> 11.6 | J33: =ROUNDUP(SUM(F33:I33),0) -> 183
B34: Cinta huella central (Ciclópeo) | C34: 1 | D34: =+D33 -> 183 | E34: 0.9
B35: Bordillo | C35: 1 | D35: =+J33*2 -> 366 | E35: 0.2
B36: Cuneta | C36: 1 | D36: =+D35 -> 366 | E36: 0.55
B37: Riostras | C37: 58 | D37: 4.9 | E37: 0.2
B38: Sardinel
B40: =+'Item de Pago'!B10 -> 1 | C40: =IF($B40=0,"",VLOOKUP($B40,'Item de Pago'!$B$2:$F$37,2,FALSE)) -> CONSTRUCCIÓN DE PLACAS HUELLAS
B42: ITEM DE PAGO | C42: DESCRIPCIÓN | J42: UNID.
B43: =+'Item de Pago'!B11 -> 1.1 | C43: =IF($B43=0,"",VLOOKUP($B43,'Item de Pago'!$B$2:$F$37,2,FALSE)) -> LOCALIZACIÓN Y REPLANTEO | J43: ML
B45: Área/lugar/elemento | D45: Longitud (m) | E45: Ancho (m) | F45: Espesor | G45: Vr. Parcial | I45: No. de Elemenstos | J45: Total
B46: =+C43 -> LOCALIZACIÓN Y REPLANTEO | D46: =+J33 -> 183 | G46: =+D46:D47 -> 183 | I46: 1 | J46: =+G46*I46 -> 183
J47: =ROUND(SUM(J46:J46),0) -> 183
B50: ITEM DE PAGO | C50: DESCRIPCIÓN | J50: UNID.
B51: =+'Item de Pago'!B12 -> 1.2 | C51: =IF($B51=0,"",VLOOKUP($B51,'Item de Pago'!$B$2:$F$37,2,FALSE)) -> EXCAVACIÓN MANUAL PARA ESTRUCTURAS - MATERIAL COMÚN - 0.0 A 2.0 M | J51: =IF($B51=0,"",VLOOKUP($B51,'Item de Pago'!$B$2:$F$37,4,FALSE)) -> M3
B53: Área/lugar/elemento | D53: Longitud (m) | E53: Ancho (m) | F53: Espesor | G53: Vr. Parcial | I53: No. de Elemenstos | J53: Total
B54: Ancho promedio vía | D54: =+F33 -> 171 | E54: =+D37 -> 4.9 | F54: 0.35 | G54: =+D54*E54*F54 -> 293.265 | I54: 1 | J54: =+G54*I54 -> 293.265
B55: Riostras | D55: 0.2 | E55: =+E54 -> 4.9 | F55: 0.35 | G55: =+D55*E55*F55 -> 0.343 | I55: =+C37 -> 58 | J55: =+G55*I55 -> 19.894
J59: =ROUND(SUM(J54:J58),0) -> 313
B62: ITEM DE PAGO | C62: DESCRIPCIÓN | J62: UNID.
B63: =+'Item de Pago'!B13 -> 1.3 | C63: =IF($B63=0,"",VLOOKUP($B63,'Item de Pago'!$B$2:$F$37,2,FALSE)) -> RETIRO DE MATERIAL SOBRANTE EN VOLQUETA, CARGUE MANUAL | J63: =IF($B63=0,"",VLOOKUP($B63,'Item de Pago'!$B$2:$F$37,4,FALSE)) -> M3
B65: Área/lugar/elemento | D65: Longitud (m) | E65: Ancho (m) | F65: Espesor | G65: Vr. Parcial | I65: No. de Elemenstos | J65: Total
B66: Ancho promedio vía | D66: =+F33 -> 171 | E66: 4.9 | F66: =+F54 -> 0.35 | G66: =+D66*E66*F66 -> 293.265 | I66: 1 | J66: =+G66*I66 -> 293.265
B67: Riostras | D67: =+D55 -> 0.2 | E67: =+E55 -> 4.9 | F67: =+F55 -> 0.35 | G67: =+D67*E67*F67 -> 0.343 | I67: =+I55 -> 58 | J67: =+G67*I67 -> 19.894
J71: =ROUND(SUM(J66:J70),0) -> 313
B74: ITEM DE PAGO | C74: DESCRIPCIÓN | J74: UNID.
B75: =+'Item de Pago'!B14 -> 1.4 | C75: =IF($B75=0,"",VLOOKUP($B75,'Item de Pago'!$B$2:$F$37,2,FALSE)) -> CONFORMACIÓN DE LA SUBRASANTE | J75: =IF($B75=0,"",VLOOKUP($B75,'Item de Pago'!$B$2:$F$37,4,FALSE)) -> M2
B77: Área/lugar/elemento | D77: Longitud (m) | E77: Ancho (m) | F77: Espesor | G77: Vr. Parcial | I77: No. de Elemenstos | J77: Total
B78: Ancho promedio vía | D78: =+J33 -> 183 | E78: =+E66 -> 4.9 | G78: =+D78*E78 -> 896.7 | I78: 1 | J78: =+G78*I78 -> 896.7
J83: =ROUND(SUM(J78:J82),0) -> 897
B86: ITEM DE PAGO | C86: DESCRIPCIÓN | J86: UNID.
B87: =+'Item de Pago'!B15 -> 1.5 | C87: =IF($B87=0,"",VLOOKUP($B87,'Item de Pago'!$B$2:$F$37,2,FALSE)) -> AFIRMADO COMPACTADO PARA ESTRUCTURAS | J87: =IF($B87=0,"",VLOOKUP($B87,'Item de Pago'!$B$2:$F$37,4,FALSE)) -> M3
B89: Área/lugar/elemento | D89: Longitud (m) | E89: Ancho (m) | F89: Espesor | G89: Vr. Parcial | I89: No. de Elemenstos | J89: Total
B90: Ancho promedio vía | D90: =+D78 -> 183 | E90: =+E66 -> 4.9 | F90: 0.2 | G90: =+D90*E90*F90 -> 179.34 | I90: 1 | J90: =+G90*I90 -> 179.34
J95: =ROUND(SUM(J90:J94),0) -> 179
B98: ITEM DE PAGO | C98: DESCRIPCIÓN | J98: UNID.
B99: =+'Item de Pago'!B16 -> 1.6 | C99: =IF($B99=0,"",VLOOKUP($B99,'Item de Pago'!$B$2:$F$37,2,FALSE)) -> CONCRETO DE 210 KG/CM² (3.000 PSI), ESPESOR 0,15 M - PLACAS HUELLAS Y VIGAS RIOSTRAS | J99: =IF($B99=0,"",VLOOKUP($B99,'Item de Pago'!$B$2:$F$37,4,FALSE)) -> M3
B101: Área/lugar/elemento | D101: Longitud (m) | E101: Ancho (m) | F101: Espesor | G101: Vr. Parcial | I101: No. de Elemenstos | J101: Total
B102: Cinta huella perimetral | D102: =+F33 -> 171 | E102: =+E33 -> 0.9 | F102: 0.15 | G102: =+D102*E102*F102 -> 23.085 | I102: =+VLOOKUP(B102,$B$33:$E$37,2,FALSE) -> 2 | J102: =+G102*I102 -> 46.17
B103: Riostras | D103: =+E78 -> 4.9 | E103: =+VLOOKUP(B103,$B$33:$E$37,4,FALSE) -> 0.2 | F103: 0.25 | G103: =+D103*E103*F103 -> 0.245 | I103: =+C37 -> 58 | J103: =+G103*I103 -> 14.21
J104: =ROUND(SUM(J102:J103),0) -> 60
B107: ITEM DE PAGO | C107: DESCRIPCIÓN | J107: UNID.
B108: 1.7 | C108: =IF($B108=0,"",VLOOKUP($B108,'Item de Pago'!$B$2:$F$37,2,FALSE)) -> CONCRETO CICLÓPEO ESPESOR 0,15 M (60% CONCRETO 3000 PSI Y 40% PIEDRA DE MANO) | J108: =IF($B108=0,"",VLOOKUP($B108,'Item de Pago'!$B$2:$F$37,4,FALSE)) -> M3
B110: Área/lugar/elemento | D110: Longitud (m) | E110: Ancho (m) | F110: Espesor | G110: Vr. Parcial | I110: No. de Elemenstos | J110: Total
B111: Cinta huella central (Ciclópeo) | D111: =+F33 -> 171 | E111: =+E34 -> 0.9 | F111: 0.15 | G111: =+D111*E111*F111 -> 23.085 | I111: =+VLOOKUP(B111,$B$33:$E$37,2,FALSE) -> 1 | J111: =+G111*I111 -> 23.085
J112: =ROUND(SUM(J111:J111),0) -> 23
B115: ITEM DE PAGO | C115: DESCRIPCIÓN | J115: UNID.
B116: 1.8 | C116: =IF($B116=0,"",VLOOKUP($B116,'Item de Pago'!$B$2:$F$37,2,FALSE)) -> ACERO DE REFUERZO 4.200 KG/CM² (60.000 PSI) PARA PLACAS Y RIOSTRAS. (INCLUYE ALAMBRE NEGRO Y FIGURACION) | J116: =IF($B116=0,"",VLOOKUP($B116,'Item de Pago'!$B$2:$F$37,4,FALSE)) -> KG
B118: Área/lugar/elemento | D118: Longitud (m) | E118: Ancho (m) | F118: No. Varillas | G118: Peso (Kg) | H118: Vr. Parcial | I118: No. de Elemenstos | J118: Total
B119: Cinta huella perimetral | C119: longitudinal | D119: =+J33*1.1154 -> 204.1182 | F119: 7 | G119: 0.56 | H119: =+D119*F119*G119 -> 800.14334 | I119: =+VLOOKUP($B$119,$B$33:$E$37,2,FALSE) -> 2 | J119: =+H119*I119 -> 1600.2867
C120: transversal | D120: =0.8+0.8 -> 1.6 | F120: =+ROUND(((F33/0.2)+50),0) -> 905 | G120: 0.56 | H120: =+D120*F120*G120 -> 810.88 | I120: =+VLOOKUP($B$119,$B$33:$E$37,2,FALSE) -> 2 | J120: =+H120*I120 -> 1621.76
B121: Riostras | C121: longitudinal | D121: 4.7 | F121: 4 | G121: =G120 -> 0.56 | H121: =+D121*F121*G121 -> 10.528 | I121: =+I67 -> 58 | J121: =+H121*I121 -> 610.624
C122: fleje | D122: 0.74 | F122: 19 | G122: 0.56 | H122: =+D122*F122*G122 -> 7.8736 | I122: =+I121 -> 58 | J122: =+H122*I122 -> 456.6688
B123: Sardinel | C123: Anclaje | D123: 0.3 | F123: =+D35/0.25 -> 1464 | G123: 0.56 | H123: =+D123*F123*G123 -> 245.952 | I123: 1 | J123: =+H123*I123 -> 245.952
J129: =ROUND(SUM(J119:J128),2) -> 4535.29
B132: ITEM DE PAGO | C132: DESCRIPCIÓN | J132: UNID.
B133: 1.9 | C133: =IF($B133=0,"",VLOOKUP($B133,'Item de Pago'!$B$2:$F$37,2,FALSE)) -> CUNETA Y BORDILLO PARA VÍA VEHICULAR CONCRETO CLASE II PRODUCIDO EN OBRA | J133: =IF($B133=0,"",VLOOKUP($B133,'Item de Pago'!$B$2:$F$37,4,FALSE)) -> M3
B135: Área/lugar/elemento | D135: Longitud (m) | E135: Ancho (m) | F135: Espesor | G135: Vr. Parcial | I135: No. de Elemenstos | J135: Total
B136: Cuneta | D136: =+J47*2 -> 366 | E136: 0.55 | F136: 0.15 | G136: =+D136*E136*F136 -> 30.195 | I136: =+VLOOKUP(B136,$B$33:$E$37,2,FALSE) -> 1 | J136: =+G136*I136 -> 30.195
B137: Bordillo | D137: =+D136 -> 366 | E137: 0.15 | F137: 0.3 | G137: =+D137*E137*F137 -> 16.47 | I137: =+VLOOKUP(B137,$B$33:$E$37,2,FALSE) -> 1 | J137: =+G137*I137 -> 16.47
J138: =ROUND(SUM(J136:J137),0) -> 47
B141: ITEM DE PAGO | C141: DESCRIPCIÓN | J141: UNID.
B142: 1.1 | C142: =IF($B142=0,"",VLOOKUP($B142,'Item de Pago'!B12:F37,2,FALSE)) -> SARDINEL ANCHO = 20 CM H = ENTRE 17 Y 24 CM EN CONCRETO 3000 PSI | J142: ML
B144: Área/lugar/elemento | D144: Longitud (m) | E144: Ancho (m) | F144: Espesor | G144: Vr. Parcial | I144: No. de Elemenstos | J144: Total
B145: Sardinel | D145: 25 | G145: =+D145 -> 25 | I145: =+VLOOKUP(B145,$B$33:$E$38,2,FALSE) -> 0 | J145: =+G145*I145 -> 0
J146: =ROUND(SUM(J145:J145),0) -> 0
J170: =ROUND(SUM(#REF!),0) -> #REF!

Sheet Item de Pago
B2: CONSTRUCCIÓN DE PLACAS HUELLAS
B4: VEREDA EL AVIÓN, MUNICIPIO DE VILLAMARÍA - CALDAS
B6: ITEMS DE PAGO
D7: Fecha: | E7: 43712
B9: Item de Pago | C9: DESCRIPCIÓN | D9: MEDIDA | E9: U.M. | F9: TOTAL
B10: 1 | C10: CONSTRUCCIÓN DE PLACAS HUELLAS
B11: 1.1 | C11: LOCALIZACIÓN Y REPLANTEO | D11: METRO CUADRADO | E11: M2 | F11: 3261
B12: 1.2 | C12: EXCAVACIÓN MANUAL PARA ESTRUCTURAS - MATERIAL COMÚN - 0.0 A 2.0 M | D12: METRO CÚBICO | E12: M3 | F12: 25078
B13: 1.3 | C13: RETIRO DE MATERIAL SOBRANTE EN VOLQUETA, CARGUE MANUAL | D13: METRO CÚBICO | E13: M3 | F13: 30666
B14: 1.4 | C14: CONFORMACIÓN DE LA SUBRASANTE | D14: METRO CUADRADO | E14: M2 | F14: 4600
B15: 1.5 | C15: AFIRMADO COMPACTADO PARA ESTRUCTURAS | D15: METRO CÚBICO | E15: M3 | F15: 93336
B16: 1.6 | C16: CONCRETO DE 210 KG/CM² (3.000 PSI), ESPESOR 0,15 M - PLACAS HUELLAS Y VIGAS RIOSTRAS | D16: METRO CÚBICO | E16: M3 | F16: 743871
B17: 1.7 | C17: CONCRETO CICLÓPEO ESPESOR 0,15 M (60% CONCRETO 3000 PSI Y 40% PIEDRA DE MANO) | D17: METRO CÚBICO | E17: M3 | F17: 363786
B18: 1.8 | C18: ACERO DE REFUERZO 4.200 KG/CM² (60.000 PSI) PARA PLACAS Y RIOSTRAS. (INCLUYE ALAMBRE NEGRO Y FIGURACION) | D18: KILOGRAMO | E18: KG | F18: 4919
B19: 1.9 | C19: CUNETA Y BORDILLO PARA VÍA VEHICULAR CONCRETO CLASE II PRODUCIDO EN OBRA | D19: METRO CÚBICO | E19: M3 | F19: 553454
B20: 1.1 | C20: SARDINEL ANCHO = 20 CM H = ENTRE 17 Y 24 CM EN CONCRETO 3000 PSI | D20: METRO LINEAL | E20: M | F20: 40744
B22: 2 | C22: CONSTRUCCIÓN DE OBRAS DE DRENAJE CON TUBERÍA Y CABEZALES
B23: 2.1 | C23: EXCAVACIÓN MANUAL 4,5 M * 2,1 M * 1,6 M PARA CABEZALES | D23: METRO CÚBICO | E23: M3 | F23: 25078
B24: 2.2 | C24: CONCRETO RESISTENCIA 140 KG/CM² (2.000 PSI) PARA SOLADOS EN MUROS Y CABEZALES | D24: METRO CÚBICO | E24: M3 | F24: 396302
B25: 2.3 | C25: CABEZAL DE ENTREGA DE AGUAS LLUVIAS EN CONCRETO DE 3000 PSI 250 mm (10"). (Incluye acero de refuerzo ) | D25: UNIDAD | E25: UND | F25: 1154418 | G25: 2
B26: 2.4 | C26: TUBERÍA DE DIÁMETRO (36" = 0,9 M) UNA POR CADA 100 M PARA ALCANTARILLAS | D26: METRO LINEAL | E26: M | F26: 1100414 | G26: 6.5
D33: Revisó: _______________________________
B34: Elaboró: ________________________________
B35: Ing. Lady Johanna Quintero Osorio | D35: Arq. Estefanía Delgado Osorio
B36: Apoyo Técnico | D36: Secretaría de Infraestructura y Vias
B37: Secretaría de Infraestructura y Vias | D37: Alcandia de Villamaría, Caldas

Sheet EQUIPO Y TRANSP.
C2: CONSTRUCCIÓN DE PLACAS HUELLA EN VÍAS TERCIARIAS DEL MUNICIPIO DE VILLAMARÍA, DEPARTAMENTO DE CALDAS.
B8: Cuadro de equipos y Transporte
B10: Código | C10: Actividades | D10: unidad | E10: Precio guía
B11: EH | C11: EQUIPOS Y HERRAMIENTAS
B13: EH-01 | C13: =+#REF! -> #REF! | D13: =+#REF! -> #REF! | E13: =+#REF! -> #REF!
B14: EH-02 | C14: =+#REF! -> #REF! | D14: =+#REF! -> #REF! | E14: =+#REF! -> #REF!
B15: EH-03 | C15: =+#REF! -> #REF! | D15: =+#REF! -> #REF! | E15: =+#REF! -> #REF!
B16: EH-04 | C16: =+#REF! -> #REF! | D16: =+#REF! -> #REF! | E16: =+#REF! -> #REF!
B17: EH-05 | C17: =+#REF! -> #REF! | D17: =+#REF! -> #REF! | E17: =+#REF! -> #REF!
B18: EH-06 | C18: =+#REF! -> #REF! | D18: =+#REF! -> #REF! | E18: =+#REF! -> #REF!
B19: EH-07 | C19: =+#REF! -> #REF! | D19: =+#REF! -> #REF! | E19: =+#REF! -> #REF!
B20: EH-08 | C20: =+#REF! -> #REF! | D20: =+#REF! -> #REF! | E20: =+#REF! -> #REF!
B21: EH-09 | C21: =+#REF! -> #REF! | D21: =+#REF! -> #REF! | E21: =+#REF! -> #REF!
B22: EH-10 | C22: =+#REF! -> #REF! | D22: =+#REF! -> #REF! | E22: =+#REF! -> #REF!
B23: EH-11 | C23: =+#REF! -> #REF! | D23: =+#REF! -> #REF! | E23: =+#REF! -> #REF!
B24: EH-12 | C24: =+#REF! -> #REF! | D24: =+#REF! -> #REF! | E24: =+#REF! -> #REF!
B25: EH-13 | C25: =+#REF! -> #REF! | D25: =+#REF! -> #REF! | E25: =+#REF! -> #REF!
B26: EH-14 | C26: =#REF! -> #REF! | D26: =+#REF! -> #REF! | E26: =+#REF! -> #REF!
B27: EH-15 | C27: =+#REF! -> #REF! | D27: =+#REF! -> #REF! | E27: =+#REF! -> #REF!
B28: EH-16 | C28: =+#REF! -> #REF! | D28: =+#REF! -> #REF! | E28: =+#REF! -> #REF!
B29: EH-17 | C29: =+#REF! -> #REF! | D29: =+#REF! -> #REF! | E29: =+#REF! -> #REF!
B30: EH-18 | C30: =+#REF! -> #REF! | D30: =+#REF! -> #REF! | E30: =+#REF! -> #REF!
B31: EH-19 | C31: =+#REF! -> #REF! | D31: =+#REF! -> #REF! | E31: =+#REF! -> #REF!
B32: EH-20 | C32: =+#REF! -> #REF! | D32: =+#REF! -> #REF! | E32: =+#REF! -> #REF!
B33: EH-21 | C33: =+#REF! -> #REF! | D33: =+#REF! -> #REF! | E33: =+#REF! -> #REF!
B34: EH-22 | C34: =+#REF! -> #REF! | D34: =+#REF! -> #REF! | E34: =+#REF! -> #REF!
B35: EH-23 | C35: =+#REF! -> #REF! | D35: =+#REF! -> #REF! | E35: =+#REF! -> #REF!
B36: EH-24 | C36: =+#REF! -> #REF! | D36: =+#REF! -> #REF! | E36: =+#REF! -> #REF!
B37: EH-25 | C37: TRANSPORTE DE ACERO | D37: TKM | E37: 1393.3519
B38: EH-26 | C38: TRANSPORTE DE AFIRMADO | D38: M3/Km | E38: 1400
B39: EH-27 | C39: TRANSPORTE MATERIAL DE EXCAVACION | D39: M3/Km | E39: 1400
B40: EH-28 | C40: =+#REF! -> #REF! | D40: =+#REF! -> #REF! | E40: =+#REF! -> #REF!
B41: EH-29 | C41: MOTOBOMBA DE 2" A GASOLINA | D41: DIA | E41: =+#REF! -> #REF!
B42: EH-30 | C42: HERRAMIENTA MENOR (% MANO DE OBRA) | D42: % M.O | E42: 0.1
B43: EH-31 | C43: TRANSPORTE DE PIEDRA | D43: M3/Km | E43: =+E38 -> 1400
B53: Elaboró: ________________________________ | D53: Revisó: ________________________________
B54: Ing. Lady Johanna Quintero Osorio | D54: Arq. Estefanía Delgado Osorio
B55: Apoyo Técnico | D55: Secretaría de Infraestructura y Vias
B56: Secretaría de Infraestructura y Vias | D56: Alcandia de Villamaría, Caldas

Sheet A.P.U. OBRA
B2: CONSTRUCCIÓN DE PLACAS HUELLAS
B4: MUNICIPIO DE VILLAMARÍA, CALDAS
B6: ANÁLISIS DE PRECIOS UNITARIOS | G6: -335544.32
G7: Fecha: | H7: 45146
B9: CODIGO | C9: COD. INSUMO | D9: INSUMO | F9: UND | G9: REND | H9: UNITARIO (Iva Incluido) | I9: TOTAL
B10: 1 | C10: PRELIMINARES
B11: 1.1 | C11: LOCALIZACION Y REPLANTEO VIAS. INCLUYE PLANO RECORD | F11: ML | I11: =SUM(I12:I16) -> 4121
C12: H2 | D12: EQUIPO BASICO (HERRAMIENTA MENOR) | E12: Herramienta | F12: UND | G12: 0.05 | H12: 2679 | I12: =ROUND((+H12*G12),0) -> 134
C13: I1015 | D13: PINTURA ACRILICA PARA TRAFICO TIPO PINTUCO (PINTUTRÁFICO) O SIMILAR - COLORES: BLANCO, AMARILLO O NEGRO SEGÚN DISEÑO. | E13: Insumo | F13: GAL | G13: 0.008 | H13: 96810 | I13: =ROUND((+H13*G13),0) -> 774
C14: I1562 | D14: COMISION TOPOGRAFICA (INCLUYE TOPOGRAFO, CADENERO Y EQUIPO TOPOGRAFÍA (ESTACIÓN Y NIVEL)). | E14: Insumo | F14: DIA | G14: 0.004 | H14: 689121 | I14: =ROUND((+H14*G14),0) -> 2756
C15: I425 | D15: PUNTILLA CON CABEZA 2" | E15: Insumo | F15: LB | G15: 0.01 | H15: 3787 | I15: =ROUND((+H15*G15),0) -> 38
C16: I998 | D16: LATA DE GUADUA | E16: Insumo | F16: UND | G16: 1 | H16: 419 | I16: =ROUND((+H16*G16),0) -> 419
B18: 1.2 | C18: EXCAVACIÓN PARA ESTRUCTURAS - MATERIAL COMÚN - 0.0 A 2.0 M | F18: m3 | I18: =SUM(I19:I21) -> 35590
C19: C29 | D19: CUADRILLA AA TIPO 5 (1 OFICIAL + 5 AYUDANTE) (Albañileria) | E19: Cuadrilla | F19: HR | G19: 0.6 | H19: =+'Factor Prestacional'!D86 -> 55825 | I19: =ROUND((+H19*G19),0) -> 33495
C20: E37 | D20: MOTOBOMBA DE 2" A GASOLINA | E20: Equipos | F20: DIA | G20: 0.02 | H20: 51152 | I20: =ROUND((+H20*G20),0) -> 1023
C21: H2 | D21: EQUIPO BASICO (HERRAMIENTA MENOR) | E21: Herramienta | F21: UND | G21: 0.4 | H21: 2679 | I21: =ROUND((+H21*G21),0) -> 1072
B23: 1.3 | C23: RETIRO DE MATERIAL SOBRANTE EN VOLQUETA, CARGUE MANUAL | F23: m3 | I23: =SUM(I24:I26) -> 42618
C24: C15 | D24: CUADRILLA AA TIPO 3 (1 OFICIAL + 3 AYUDANTE) (Albañileria) | E24: Cuadrilla | F24: HR | G24: 0.217 | H24: =+'Factor Prestacional'!D84 -> 39005 | I24: =ROUND((+H24*G24),0) -> 8464
C25: E24 | D25: VOLQUETA 6M3 (CARGUE A MANO) | E25: Equipos | F25: VJE | G25: 0.217 | H25: 154713 | I25: =ROUND((+H25*G25),0) -> 33573
C26: H2 | D26: EQUIPO BASICO (HERRAMIENTA MENOR) | E26: Herramienta | F26: UND | G26: 0.217 | H26: 2679 | I26: =ROUND((+H26*G26),0) -> 581
B28: 1.4 | C28: CONFORMACIÓN DE LA SUBRASANTE | F28: m2 | I28: =SUM(I29:I34) -> 4942
C29: M03 | D29: EQUIPO BASICO ( HERRAMIENTA MENOR ) | E29: Herramienta | F29: und | G29: 0.01 | H29: 2679 | I29: =ROUND((+H29*G29),0) -> 27
C30: I37 | D30: CUADRILLA AA TIPO 3 (1 OFICIAL + 3 AYUDANTE) (Albañileria) | E30: Mano de Obra | F30: hr | G30: =1/150 -> 0.0066666667 | H30: =+'Factor Prestacional'!D84 -> 39005 | I30: =ROUND((+H30*G30),0) -> 260
C31: E15 | D31: MOTONIVELADORA 120 HP. | E31: Equipo | F31: hr | G31: =1/150 -> 0.0066666667 | H31: =ROUND((225054*1.16),0) -> 261063 | I31: =ROUND((+H31*G31),0) -> 1740
C32: E49 | D32: CILINDRO COMPACTADOR 6 TONELADAS | E32: Equipos | F32: HR | G32: =+G31 -> 0.0066666667 | H32: =ROUND((225054*1.16),0) -> 261063 | I32: =ROUND((+H32*G32),0) -> 1740
D33: AGUA | E33: Insumo | F33: Lt | G33: 10 | H33: 100 | I33: =ROUND((+H33*G33),0) -> 1000
C34: M18 | D34: EQUIPO DE TRANSPORTE | E34: Equipo | F34: dia | G34: 0.00104 | H34: =ROUND(129127*1.3,0) -> 167865 | I34: =ROUND((+H34*G34),0) -> 175
B36: 1.5 | C36: AFIRMADO COMPACTADO PARA ESTRUCTURAS | F36: m3 | I36: =SUM(I37:I42) -> 154636
C37: C15 | D37: CUADRILLA AA TIPO 3 (1 OFICIAL + 3 AYUDANTE) (Albañileria) | E37: Cuadrilla | F37: HR | G37: 0.3 | H37: =+'Factor Prestacional'!D84 -> 39005 | I37: =ROUND((+H37*G37),0) -> 11702
C38: E47 | D38: VIBROCOMPACTADOR TIPO RANA | E38: Equipos | F38: DIA | G38: 0.4 | H38: 45733 | I38: =ROUND((+H38*G38),0) -> 18293
C39: H2 | D39: EQUIPO BASICO (HERRAMIENTA MENOR) | E39: Herramienta | F39: UND | G39: 0.5 | H39: 2679 | I39: =ROUND((+H39*G39),0) -> 1340
C40: I1565 | D40: ACARREO INTERNO | E40: Insumo | F40: UND | G40: 0.6 | H40: 1402 | I40: =ROUND((+H40*G40),0) -> 841
C41: I50 | D41: AFIRMADO NORMA INVIAS | E41: Insumo | F41: M3 | G41: 1.35 | H41: 68211 | I41: =ROUND((+H41*G41),0) -> 92085
D42: SOBREACARREO AFIRMADO NORMA INVIAS - CABECERA MUNICIPAL VRA SANTODOMINGO | E42: Insumo | F42: m3/Km | G42: =+(G41)*15 -> 20.25 | H42: 1500 | I42: =ROUND((+H42*G42),0) -> 30375
B44: 1.6 | C44: CONCRETO DE 210 KG/CM² (3.000 PSI), ESPESOR 0,15 M - PLACAS HUELLAS Y VIGAS RIOSTRAS | F44: m3 | I44: =SUM(I45:I53) -> 935166
C45: M03 | D45: EQUIPO BASICO ( HERRAMIENTA MENOR ) | E45: Herramienta | F45: und | G45: 0.3 | H45: 2679 | I45: =ROUND((+H45*G45),0) -> 804
C46: I58 | D46: CUADRILLA AAA TIPO 6 (2 OFICIAL + 6 AYUDANTE) (Albañileria) | E46: Mano de Obra | F46: hr | G46: 3 | H46: =+'Factor Prestacional'!D92 -> 78010 | I46: =ROUND((+H46*G46),0) -> 234030
C47: W02 | D47: LISTON 2 X 4 | E47: Insumo | F47: m | G47: 12 | H47: 3426 | I47: =ROUND((+H47*G47),0) -> 41112
C48: W16 | D48: TABLA CHAPA ORDINARIO 30 CM X 2 CM X 3 M. | E48: Insumo | F48: und | G48: 4 | H48: 14472 | I48: =ROUND((+H48*G48),0) -> 57888
C49: O15 | D49: PUNTILLA CON CABEZA 2" | E49: Insumo | F49: lb | G49: 0.05 | H49: 3787 | I49: =ROUND((+H49*G49),0) -> 189
C50: M06 | D50: VIBRADOR A GASOLINA | E50: Equipo | F50: dia | G50: 0.1 | H50: 54867 | I50: =ROUND((+H50*G50),0) -> 5487
C51: H21 | D51: CONCRETO 3000 psi - 21 Mpa | E51: Analisis | F51: m3 | G51: 1.06 | H51: =+I90 -> 538516 | I51: =ROUND((+H51*G51),0) -> 570827
C52: I26 | D52: ACARREO INTERNO | E52: Mano de Obra | F52: und | G52: 10 | H52: 1402 | I52: =ROUND((+H52*G52),0) -> 14020
C53: M18 | D53: EQUIPO DE TRANSPORTE | E53: Equipo | F53: dia | G53: 0.078 | H53: 138578 | I53: =ROUND((+H53*G53),0) -> 10809
B55: 1.7 | C55: CONCRETO CICLÓPEO ESPESOR 0,15 M (60% CONCRETO 3000 PSI Y 40% PIEDRA DE MANO) | F55: m3 | I55: =SUM(I56:I62) -> 524971
C56: M03 | D56: EQUIPO BASICO ( HERRAMIENTA MENOR ) | E56: Herramienta | F56: und | G56: 0.5 | H56: 2679 | I56: =ROUND((+H56*G56),0) -> 1340
C57: I44 | D57: CUADRILLA AA TIPO 4 (1 OFICIAL + 4 AYUDANTE) (Albañileria) | E57: Mano de Obra | F57: hr | G57: 2.75 | H57: =+'Factor Prestacional'!D85 -> 47415 | I57: =ROUND((+H57*G57),0) -> 130391
C58: M06 | D58: PIEDRA DE MANO | E58: Insumo | F58: m3 | G58: 0.412 | H58: 90333 | I58: =ROUND((+H58*G58),0) -> 37217
D59: SOBREACARREO PIEDRA DE MANO - CABECERA MUNICIPAL VRA SANTODOMINGO | E59: Insumo | F59: m3/Km | G59: =+(G58)*15 -> 6.18 | H59: 1500 | I59: =ROUND((+H59*G59),0) -> 9270
C60: H21 | D60: CONCRETO 3000 psi - 21 Mpa | E60: Analisis | F60: m3 | G60: 0.618 | H60: =+I90 -> 538516 | I60: =ROUND((+H60*G60),0) -> 332803
C61: Z07 | D61: EQUIPO DE TRANSPORTE | E61: Equipo | F61: dia | G61: 0.04300263 | H61: 138578 | I61: =ROUND((+H61*G61),0) -> 5959
C62: M18 | D62: ACARREO INTERNO | E62: Mano de Obra | F62: und | G62: 5.7 | H62: 1402 | I62: =ROUND((+H62*G62),0) -> 7991
B64: 1.8 | C64: ACERO DE REFUERZO 4.200 KG/CM² (60.000 PSI) PARA PLACAS Y RIOSTRAS. (INCLUYE ALAMBRE NEGRO Y FIGURACION) | F64: kg | I64: =SUM(I65:I70) -> 8459
C65: M03 | D65: EQUIPO BASICO ( HERRAMIENTA MENOR ) | E65: Herramienta | F65: und | G65: 0.03 | H65: 2679 | I65: =ROUND((+H65*G65),0) -> 80
C66: I51 | D66: CUADRILLA AA TIPO 5 (1 OFICIAL + 5 AYUDANTE) (Albañileria) | E66: Mano de Obra | F66: hr | G66: 0.03 | H66: =+'Factor Prestacional'!D86 -> 55825 | I66: =ROUND((+H66*G66),0) -> 1675
C67: A01 | D67: ACERO 60.000 PSI | E67: Insumo | F67: kg | G67: 1.17 | H67: 5200 | I67: =ROUND((+H67*G67),0) -> 6084
C68: A11 | D68: ALAMBRE NEGRO NO. 18 | E68: Insumo | F68: kg | G68: 0.03 | H68: 8500 | I68: =ROUND((+H68*G68),0) -> 255
C69: I26 | D69: ACARREO INTERNO | E69: Mano de Obra | F69: und | G69: 0.2 | H69: 1402 | I69: =ROUND((+H69*G69),0) -> 280
C70: M18 | D70: EQUIPO DE TRANSPORTE | E70: Equipo | F70: dia | G70: 0.00061060611 | H70: 138578 | I70: =ROUND((+H70*G70),0) -> 85
B72: 1.9 | C72: CUNETA Y BORDILLO PARA VÍA VEHICULAR CONCRETO CLASE II PRODUCIDO EN OBRA | F72: m3 | I72: =SUM(I73:I79) -> 856872
C73: M03 | D73: EQUIPO BASICO ( HERRAMIENTA MENOR ) | E73: Herramienta | F73: und | G73: 0.3 | H73: 2679 | I73: =ROUND((+H73*G73),0) -> 804
C74: I37 | D74: CUADRILLA AAA TIPO 4 (2 OFICIAL + 4 AYUDANTE) (Albañileria) | E74: Mano de Obra | F74: hr | G74: 4.5 | H74: =+'Factor Prestacional'!D90 -> 61190 | I74: =ROUND((+H74*G74),0) -> 275355
C75: P05 | D75: FORMALETA SARDINEL DESDE 0.20 HASTA 0.60 M. DE ALTURA POR 2.00 M. DE LONGITUD | E75: Equipo | F75: dia | G75: 4 | H75: 374 | I75: =ROUND((+H75*G75),0) -> 1496
C76: H21 | D76: CONCRETO 3000 psi - 21 Mpa | E76: Analisis | F76: m3 | G76: 1.05 | H76: =+I90 -> 538516 | I76: =ROUND((+H76*G76),0) -> 565442
C77: O31 | D77: PLASTOCRETE DM DE SIKA IMPERMEABILIZANTE PARA CONCRETOS O SIMILAR. | E77: Insumo | F77: kg | G77: 0.09 | H77: 10893 | I77: =ROUND((+H77*G77),0) -> 980
C78: I26 | D78: ACARREO INTERNO | E78: Mano de Obra | F78: und | G78: 2.6 | H78: 1402 | I78: =ROUND((+H78*G78),0) -> 3645
C79: M18 | D79: EQUIPO DE TRANSPORTE | E79: Equipo | F79: dia | G79: 0.06603 | H79: 138578 | I79: =ROUND((+H79*G79),0) -> 9150
B81: 1.10 | C81: SARDINEL ANCHO = 20 CM H = ENTRE 17 Y 24 CM EN CONCRETO 3000 PSI | F81: m | I81: =SUM(I82:I88) -> 67889
C82: M03 | D82: EQUIPO BASICO ( HERRAMIENTA MENOR ) | E82: Herramienta | F82: und | G82: 1.5 | H82: 2679 | I82: =ROUND((+H82*G82),0) -> 4019
C83: H21 | D83: CONCRETO 3000 psi - 21 Mpa | E83: Analisis | F83: m3 | G83: 0.033 | H83: =+I90 -> 538516 | I83: =ROUND((+H83*G83),0) -> 17771
C84: O75 | D84: ADITIVO PARA CURAR EL CONCRETO | E84: Insumo | F84: und | G84: 0.01 | H84: 35912 | I84: =ROUND((+H84*G84),0) -> 359
C85: W02 | D85: LISTON 2 X 4 | E85: Insumo | F85: m | G85: 0.3 | H85: 3426 | I85: =ROUND((+H85*G85),0) -> 1028
C86: W45 | D86: TABLA 1"X10"X3M | E86: Insumo | F86: und | G86: 0.22 | H86: 11202 | I86: =ROUND((+H86*G86),0) -> 2464
C87: O14 | D87: PUNTILLA CON CABEZA 1" | E87: Insumo | F87: lb | G87: 0.1 | H87: 3787 | I87: =ROUND((+H87*G87),0) -> 379
C88: I26 | D88: CUADRILLA AA TIPO 5 (1 OFICIAL + 5 AYUDANTE) (Albañileria) | E88: Mano de Obra | F88: hr | G88: 0.75 | H88: =+'Factor Prestacional'!D86 -> 55825 | I88: =ROUND((+H88*G88),0) -> 41869
B90: H21 | C90: INSUMO CONCRETO 3000 psi - 21 Mpa - VEREDA SANTA DOMIGO | F90: m3 | I90: =SUM(I91:I98) -> 538516
C91: M03 | D91: EQUIPO BASICO ( HERRAMIENTA MENOR ) | E91: Herramienta | F91: und | G91: 1 | H91: 2679 | I91: =ROUND((+H91*G91),0) -> 2679
C92: E14 | D92: MEZCLADORA A GASOLINA 1 SACO | E92: Herramienta | F92: dia | G92: 0.25 | H92: =36538*1.2 -> 43845.6 | I92: =ROUND((+H92*G92),0) -> 10961
D93: CEMENTO | E93: Insumo | F93: Kg | G93: 380 | H93: 720 | I93: =ROUND((+H93*G93),0) -> 273600
C94: I2005 | D94: TRITURADO 3/4" | E94: Insumo | F94: m3 | G94: 0.84 | H94: 105000 | I94: =ROUND((+H94*G94),0) -> 88200
D95: ARENA | E95: Insumo | F95: m3 | G95: 0.55 | H95: 75000 | I95: =ROUND((+H95*G95),0) -> 41250
D96: SOBREACARREO MATERIALES GRANULARES - CABECERA MUNICIPAL VRA SANTODOMINGO | E96: Insumo | F96: m3/Km | G96: =+(G94+G95)*17 -> 23.63 | H96: 1500 | I96: =ROUND((+H96*G96),0) -> 35445
D97: AGUA | E97: Insumo | F97: Lt | G97: 200 | H97: 100 | I97: =ROUND((+H97*G97),0) -> 20000
C98: I44 | D98: CUADRILLA AA TIPO 4 (1 OFICIAL + 4 AYUDANTE) (Albañileria) | E98: Mano de Obra | F98: hr | G98: 1.4 | H98: =+'Factor Prestacional'!D85 -> 47415 | I98: =ROUND((+H98*G98),0) -> 66381

Sheet Analisis AIU
A1: ANALISIS DEL AIU
A3: Valor estimado de la Obra (Costo Directo). | D3: Valor | E3: =+'Presupuesto Final Veredas'!G22 -> 203860586
A4: Plazo estimado de ejecución. | D4: Meses | E4: 1.5
A5: Contratista Persona Natural (SI o NO) | E5: SI
A7: CAPITULO | B7: TIPO DE GASTO | C7: UN | D7: CANTIDAD. | E7: DEDICACION | F7: VLOR UNITARIO (mes) | G7: FACTOR PRESTACIONAL O FACTOR AIU (PARA INDIRECTOS) | H7: VALOR TOTAL | I7: SUMA | J7: PORCENTAJE
A8: 1 | B8: GASTOS GENERALES. | J8: =+J9 -> 0.06472953
A9: 1.1 | B9: MANO DE OBRA Y GASTOS DE OFICINA | I9: =SUM(H10:H25) -> 13195800 | J9: =+I9/$E$3 -> 0.06472953
B10: Contratista (solo aplica para personas naturales) | C10: Un | D10: 0 | E10: 0.2 | F10: 15400000 | G10: 0.62 | H10: =+D10*E10*$E$4*F10*(1+G10) -> 0 | J10: =+H10/$E$3 -> 0
B11: Ingeniero Director | C11: Un | D11: 1 | E11: 0 | F11: 4200000 | G11: 0.62 | H11: =+D11*E11*$E$4*F11*(1+G11) -> 0 | J11: =+H11/$E$3 -> 0
B12: Ingeniero Residente | C12: Un | D12: 1 | E12: 0.4 | F12: 3200000 | G12: 0.62 | H12: =+D12*E12*$E$4*F12*(1+G12) -> 3110400 | J12: =+H12/$E$3 -> 0.015257486
B13: Maestro de Obra | C13: Un | D13: 1 | E13: 1 | F13: 2800000 | G13: 0.62 | H13: =+D13*E13*$E$4*F13*(1+G13) -> 6804000 | J13: =+H13/$E$3 -> 0.03337575
B14: Residente de Salud Ocupacional | C14: Un | D14: 1 | E14: 0 | F14: 2800000 | G14: 0.62 | H14: =+D14*E14*$E$4*F14*(1+G14) -> 0 | J14: =+H14/$E$3 -> 0
B15: Trabajador social | C15: Un | D15: 1 | E15: 0.2 | F15: 2800000 | G15: 0.62 | H15: =+D15*E15*$E$4*F15*(1+G15) -> 1360800 | J15: =+H15/$E$3 -> 0.00667515
B16: Almacenista | C16: Un | D16: 0 | E16: 1 | F16: 1160000 | G16: 0.74 | H16: =+D16*E16*$E$4*F16*(1+G16) -> 0 | J16: =+H16/$E$3 -> 0
B17: Celador con prestaciones | C17: Un | D17: 0 | E17: 1 | F17: 1800000 | G17: 0.74 | H17: =+D17*E17*$E$4*F17*(1+G17) -> 0 | J17: =+H17/$E$3 -> 0
B18: Secretaria con prestaciones | C18: Un | D18: 0 | E18: 0.15 | F18: 1500000 | G18: 0.74 | H18: =+D18*E18*$E$4*F18*(1+G18) -> 0 | J18: =+H18/$E$3 -> 0
B19: Contador | C19: Un | D19: 1 | E19: 0.15 | F19: 2800000 | G19: 0.62 | H19: =+D19*E19*$E$4*F19*(1+G19) -> 1020600 | J19: =+H19/$E$3 -> 0.0050063625
B20: Equipo de Oficina (Escritorio, pc, impresora, sillas, papeleria) | C20: Mes | D20: 0 | E20: 1 | F20: 350000 | H20: =+D20*E20*$E$4*F20*(1+G20) -> 0 | J20: =+H20/$E$3 -> 0
B21: Seguridad industrial personal | C21: Mes | D21: 0 | E21: 0.5 | F21: 1000000 | H21: =+D21*E21*$E$4*F21*(1+G21) -> 0 | J21: =+H21/$E$3 -> 0
B22: Plan de Salud ocupacional y seguridad industrial | C22: Mes | D22: 1 | E22: 1 | F22: 300000 | H22: =+D22*E22*$E$4*F22*(1+G22) -> 450000 | J22: =+H22/$E$3 -> 0.0022073909
B23: Sistema de gestion ambiental | C23: Mes | D23: 1 | E23: 1 | F23: 300000 | H23: =+D23*E23*$E$4*F23*(1+G23) -> 450000 | J23: =+H23/$E$3 -> 0.0022073909
B24: Sistema de gestion de calidad | C24: Mes | D24: 0 | E24: 1 | F24: 300000 | H24: =+D24*E24*$E$4*F24*(1+G24) -> 0 | J24: =+H24/$E$3 -> 0
B25: Costos financiero | C25: Mes | D25: 0 | E25: 1 | F25: 300000 | H25: =+D25*E25*$E$4*F25*(1+G25) -> 0 | J25: =+H25/$E$3 -> 0
A26: 2 | B26: GASTOS INDIRECTOS. | J26: =+J27+J31+J40 -> 0.2243192
A27: 2.1 | B27: LEGALIZACION. | I27: =SUM(H28:H30) -> 0 | J27: =+I27/$E$3 -> 0 | M27: =+J26+J9 -> 0.28904873
B28: Impuesto de Timbre | C28: % | D28: 0 | F28: 0 | G28: 1.3678 | H28: =+F28*D28*G28 -> 0 | J28: =+H28/$E$3 -> 0
B29: Publicación diario oficial | C29: % | D29: 0 | F29: 0 | G29: =+$G$28 -> 1.3678 | H29: =+F29*D29*G29 -> 0 | J29: =+H29/$E$3 -> 0
B30: Licencia de Construccion | C30: % | D30: 0 | F30: 0 | G30: =+$G$28 -> 1.3678 | H30: =+F30*D30*G30 -> 0 | J30: =+H30/$E$3 -> 0
A31: 2.2 | B31: POLIZAS | I31: =SUM(H32:H39) -> 2509564.6 | J31: =+I31/$E$3 -> 0.0123102
B32: Seriedad de la Propuesta. | C32: % | D32: 0.0002 | F32: =+$E$3 -> 203860586 | G32: =+$G$28 -> 1.3678 | H32: =+F32*D32*G32 -> 55768.102 | J32: =+H32/$E$3 -> 0.00027356
B33: Anticipo | C33: % | D33: 0.0009 | F33: =+$E$3 -> 203860586 | G33: =+$G$28 -> 1.3678 | H33: =+F33*D33*G33 -> 250956.46 | J33: =+H33/$E$3 -> 0.00123102
B34: Cumplimiento | C34: % | D34: 0.0007 | F34: =+$E$3 -> 203860586 | G34: =+$G$28 -> 1.3678 | H34: =+F34*D34*G34 -> 195188.36 | J34: =+H34/$E$3 -> 0.00095746
B35: Estabilidad | C35: % | D35: 0.0038 | F35: =+$E$3 -> 203860586 | G35: =+$G$28 -> 1.3678 | H35: =+F35*D35*G35 -> 1059593.9 | J35: =+H35/$E$3 -> 0.00519764
B36: Calidad | C36: % | D36: 0 | F36: =+$E$3 -> 203860586 | G36: =+$G$28 -> 1.3678 | H36: =+F36*D36*G36 -> 0 | J36: =+H36/$E$3 -> 0
B37: Prestaciones Sociales | C37: % | D37: 0.0015 | F37: =+$E$3 -> 203860586 | G37: =+$G$28 -> 1.3678 | H37: =+F37*D37*G37 -> 418260.76 | J37: =+H37/$E$3 -> 0.0020517
B38: Responsabilidad Civil | C38: % | D38: 0.0019 | F38: =+$E$3 -> 203860586 | G38: =+$G$28 -> 1.3678 | H38: =+F38*D38*G38 -> 529796.97 | J38: =+H38/$E$3 -> 0.00259882
B39: Todo riesgo | C39: % | D39: 0 | F39: =+$E$3 -> 203860586 | G39: =+$G$28 -> 1.3678 | H39: =+F39*D39*G39 -> 0 | J39: =+H39/$E$3 -> 0
A40: 2.3 | B40: IMPUESTOS Y CONTRIBUCIONES | I40: =SUM(H41:H49) -> 43220279 | J40: =+I40/$E$3 -> 0.212009
B41: Contribuación Especial | C41: % | D41: 0.05 | F41: =+$E$3 -> 203860586 | G41: =+$G$28 -> 1.3678 | H41: =+F41*D41*G41 -> 13942025 | J41: =+H41/$E$3 -> 0.06839
B42: Retencion en la fuente | C42: % | D42: 0.02 | F42: =+$E$3 -> 203860586 | G42: =+$G$28 -> 1.3678 | H42: =+F42*D42*G42 -> 5576810.2 | J42: =+H42/$E$3 -> 0.027356
B43: Estampilla Pro - Adulto mayor | C43: % | D43: 0.04 | F43: =+$E$3 -> 203860586 | G43: =+$G$28 -> 1.3678 | H43: =+F43*D43*G43 -> 11153620 | J43: =+H43/$E$3 -> 0.054712
B44: Estampillas Pro - Cultura | C44: % | D44: 0.015 | F44: =+$E$3 -> 203860586 | G44: =+$G$28 -> 1.3678 | H44: =+F44*D44*G44 -> 4182607.6 | J44: =+H44/$E$3 -> 0.020517
B45: Estampillas Pro - Deporte | C45: % | D45: 0.02 | F45: =+$E$3 -> 203860586 | G45: =+$G$28 -> 1.3678 | H45: =+F45*D45*G45 -> 5576810.2 | J45: =+H45/$E$3 -> 0.027356
B46: Fiducia | C46: % | D46: 0 | F46: =+$E$3 -> 203860586 | G46: =+$G$28 -> 1.3678 | H46: =+F46*D46*G46 -> 0 | J46: =+H46/$E$3 -> 0
B47: Gasto bancarios4x1000 y retiros | C47: % | D47: 0.005 | F47: =+$E$3 -> 203860586 | G47: =+$G$28 -> 1.3678 | H47: =+F47*D47*G47 -> 1394202.5 | J47: =+H47/$E$3 -> 0.006839
B48: Industria y Comercio 5 x 1.000 sobre valor total | C48: % | D48: 0.005 | F48: =+$E$3 -> 203860586 | G48: =+$G$28 -> 1.3678 | H48: =+F48*D48*G48 -> 1394202.5 | J48: =+H48/$E$3 -> 0.006839
B49: CREE (solo aplica a personas juridicas) | C49: % | D49: =+IF(E5="SI",0,0.09*J52) -> 0 | F49: =+$E$3 -> 203860586 | G49: =+$G$28 -> 1.3678 | H49: =+F49*D49*G49 -> 0 | J49: =+H49/$E$3 -> 0
B50: TOTAL GASTOS INDIRECTOS DE ADMINISTRACION. | I50: =SUM(I9:I49) -> 58925644 | J50: =SUM(J8:J49)/3 -> 0.28904873
B51: IMPREVISTO | J51: 0
B52: UTILIDAD: | J52: 0.05
B53: IVA SOBRE UTILIDAD: | J53: =J52*I53 -> 0
B54: A.I.U. | J54: =+ROUND((SUM(J50:J53)),2) -> 0.34
B58: ALCALDIA DE MANIZALES. | D58: Base - Tope | E58: Porcentaje | F58: Vlor x Millón o fracción.
B59: Estampilla Pro-Hospital. | E59: 0.02
B60: Estampilla Pro-Universidad. | E60: 0.01
B61: Timbre | D61: 53000000 | E61: 0.0075
B62: Retención en la Fuente. | E62: 0.01
B63: Publicación Diario Oficial. | F63: 5530
B64: Contribución Especial (Impovias). | E64: 0.05
B65: Industria y comercio (4 X 1.000 Ing. Brutos). | E65: 0.004

Sheet Factor Prestacional
A1: CALCULO DEL FACTOR PRESTACIONAL PARA MAXIMO 2 SMMLV- PERSONAL EN OBRA
B3: MENSUAL BASE | C3: DIARIO
A4: SALARIO | B4: 1600000 | C4: =B4/30 -> 53333.333
A5: SUBSIDIO DE TRANSPORTE | B5: 140606 | C5: =B5/30 -> 4686.8667
A7: TEM | B7: Valor | C7: Porcentaje | D7: Formula
A8: Jornales | B8: =ROUND(C4,0) -> 53333 | C8: =ROUND(B8/$C$4,5) -> 0.99999 | D8: $ 877,803/30
A9: Subsidio de Transporte | B9: =ROUND(C5,0) -> 4687 | C9: =ROUND(B9/$C$4,5) -> 0.08788 | D9: $ 102,854/30
A10: Cesantías | B10: =ROUND((C4+C5)*(30/360),0) -> 4835 | C10: =ROUND(B10/$C$4,5) -> 0.09066 | D10: (Jornales + Subsidio Transporte)x30/360
A11: Intereses sobre Cesantías | B11: =ROUND(B10*1%,0) -> 48 | C11: =ROUND(B11/$C$4,5) -> 0.0009 | D11: Cesantias *1%
A12: Prima de Servicio | B12: =ROUND((C4+C5)*(30/360),0) -> 4835 | C12: =ROUND(B12/$C$4,5) -> 0.09066 | D12: (Jornales + Subsidio Transporte)x30/360
A13: Vacaciones | B13: =ROUND(C4*0.0417,0) -> 2224 | C13: =ROUND(B13/$C$4,5) -> 0.0417 | D13: Jornal x 30/720
A14: Aportes Salud | B14: =ROUND(C4*8.5%,0) -> 4533 | C14: =ROUND(B14/$C$4,5) -> 0.08499 | D14: 8,5% de los jornales
A15: Aportes Pensión | B15: =ROUND(C4*12%,0) -> 6400 | C15: =ROUND(B15/$C$4,5) -> 0.12 | D15: 12% de los jornales
A16: Riesgos Laborales | B16: =ROUND(C4*6.96%,0) -> 3712 | C16: =ROUND(B16/$C$4,5) -> 0.0696 | D16: 6.96% de los jornales
A17: Caja de compensación | B17: =ROUND(C4*4%,0) -> 2133 | C17: =ROUND(B17/$C$4,5) -> 0.03999 | D17: 4% de los Jornales
A18: Aporte SENA | B18: =ROUND(C4*2%,0) -> 1067 | C18: =ROUND(B18/$C$4,5) -> 0.02001 | D18: 2% de los Jornales
A19: Aporte ICBF | B19: =ROUND(C4*3%,0) -> 1600 | C19: =ROUND(B19/$C$4,5) -> 0.03 | D19: 3% de los Jornales
A20: Examenes de ingreso y egreso | B20: =ROUND(C4*2%,0) -> 1067 | C20: =ROUND(B20/$C$4,5) -> 0.02001 | D20: 2% de los Jornales
A21: Fondo Nacional de Formación Profesional de Industria de la construcción | B21: =((B4*12)/40)/360 -> 1333.3333 | C21: =ROUND(B21/$C$4,5) -> 0.025 | D21: 1 SMMLV por cada 40 trabajadores ((1 SMML*12)/40)/salario anual
A22: Dotación | B22: =ROUND(400000/360,0) -> 1111 | C22: =ROUND(B22/$C$4,5) -> 0.02083 | D22: Tres dotaciones al año de $200,000 cada una
B23: =SUM(B8:B22) -> 92918.333 | C23: =SUM(C8:C22) -> 1.74222
A26: CALCULO DEL FACTOR PRESTACIONAL PARA MAYOR A 2 SMMLV - PERSONAL EN OBRA
B28: MENSUAL BASE | C28: DIARIO
A29: SALARIO | B29: =B4*2 -> 3200000 | C29: =B29/30 -> 106666.67
A30: SUBSIDIO DE TRANSPORTE | B30: 0 | C30: =B30/30 -> 0
A32: TEM | B32: Valor | C32: Porcentaje | D32: Formula
A33: Jornales | B33: =ROUND(C29,0) -> 106667 | C33: =ROUND(B33/$C$29,5) -> 1 | D33: $ 877,803/30
A34: Subsidio de Transporte | B34: =ROUND(C30,0) -> 0 | C34: =ROUND(B34/$C$29,5) -> 0 | D34: $ 102,854/30
A35: Cesantías | B35: =ROUND((C29+C30)*(30/360),0) -> 8889 | C35: =ROUND(B35/$C$29,5) -> 0.08333 | D35: (Jornales + Subsidio Transporte)x30/360
A36: Intereses sobre Cesantías | B36: =ROUND(B35*1%,0) -> 89 | C36: =ROUND(B36/$C$29,5) -> 0.00083 | D36: Cesantias *1%
A37: Prima de Servicio | B37: =ROUND((C29+C30)*(30/360),0) -> 8889 | C37: =ROUND(B37/$C$29,5) -> 0.08333 | D37: (Jornales + Subsidio Transporte)x30/360
A38: Vacaciones | B38: =ROUND(C29*0.0417,0) -> 4448 | C38: =ROUND(B38/$C$29,5) -> 0.0417 | D38: Jornal x 30/720
A39: Aportes Salud | B39: =ROUND(C29*8.5%,0) -> 9067 | C39: =ROUND(B39/$C$29,5) -> 0.085 | D39: 8,5% de los jornales
A40: Aportes Pensión | B40: =ROUND(C29*12%,0) -> 12800 | C40: =ROUND(B40/$C$29,5) -> 0.12 | D40: 12% de los jornales
A41: Riesgos Laborales | B41: =ROUND(C29*6.96%,0) -> 7424 | C41: =ROUND(B41/$C$29,5) -> 0.0696 | D41: 6.96% de los jornales
A42: Caja de compensación | B42: =ROUND(C29*4%,0) -> 4267 | C42: =ROUND(B42/$C$29,5) -> 0.04 | D42: 4% de los Jornales
A43: Aporte SENA | B43: =ROUND(C29*2%,0) -> 2133 | C43: =ROUND(B43/$C$29,5) -> 0.02 | D43: 2% de los Jornales
A44: Aporte ICBF | B44: =ROUND(C29*3%,0) -> 3200 | C44: =ROUND(B44/$C$29,5) -> 0.03 | D44: 3% de los Jornales
A45: Examenes de ingreso y egreso | B45: =ROUND(C29*2%,0) -> 2133 | C45: =ROUND(B45/$C$29,5) -> 0.02 | D45: 2% de los Jornales
A46: Fondo Nacional de Formación Profesional de Industria de la construcción | B46: =((B29*12)/40)/360 -> 2666.6667 | C46: =ROUND(B46/$C$29,5) -> 0.025 | D46: 1 SMMLV por cada 40 trabajadores ((1 SMML*12)/40)/salario anual
B47: =SUM(B33:B46) -> 172672.67 | C47: =SUM(C33:C46) -> 1.61879
A50: CALCULO DEL FACTOR PRESTACIONAL PARA MAXIMO 2 SMMLV - PERSONAL ADMINISTRATIVO
B52: MENSUAL BASE | C52: DIARIO
A53: SALARIO | B53: 1600000 | C53: =B53/30 -> 53333.333
A54: SUBSIDIO DE TRANSPORTE | B54: 140606 | C54: =B54/30 -> 4686.8667
A56: TEM | B56: Valor | C56: Porcentaje | D56: Formula
A57: Jornales | B57: =ROUND(C53,0) -> 53333 | C57: =ROUND(B57/$C$4,5) -> 0.99999 | D57: $ 877,803/30
A58: Subsidio de Transporte | B58: =ROUND(C54,0) -> 4687 | C58: =ROUND(B58/$C$4,5) -> 0.08788 | D58: $ 102,854/30
A59: Cesantías | B59: =ROUND((C53+C54)*(30/360),0) -> 4835 | C59: =ROUND(B59/$C$4,5) -> 0.09066 | D59: (Jornales + Subsidio Transporte)x30/360
A60: Intereses sobre Cesantías | B60: =ROUND(B59*1%,0) -> 48 | C60: =ROUND(B60/$C$4,5) -> 0.0009 | D60: Cesantias *1%
A61: Prima de Servicio | B61: =ROUND((C53+C54)*(30/360),0) -> 4835 | C61: =ROUND(B61/$C$4,5) -> 0.09066 | D61: (Jornales + Subsidio Transporte)x30/360
A62: Vacaciones | B62: =ROUND(C53*0.0417,0) -> 2224 | C62: =ROUND(B62/$C$4,5) -> 0.0417 | D62: Jornal x 30/720
A63: Aportes Salud | B63: =ROUND(C53*8.5%,0) -> 4533 | C63: =ROUND(B63/$C$4,5) -> 0.08499 | D63: 8,5% de los jornales
A64: Aportes Pensión | B64: =ROUND(C53*12%,0) -> 6400 | C64: =ROUND(B64/$C$4,5) -> 0.12 | D64: 12% de los jornales
A65: Riesgos Laborales | B65: =ROUND(C53*2.436%,0) -> 1299 | C65: =ROUND(B65/$C$4,5) -> 0.02436 | D65: 2.436% de los jornales
A66: Caja de compensación | B66: =ROUND(C53*4%,0) -> 2133 | C66: =ROUND(B66/$C$4,5) -> 0.03999 | D66: 4% de los Jornales
A67: Aporte SENA | B67: =ROUND(C53*2%,0) -> 1067 | C67: =ROUND(B67/$C$53,5) -> 0.02001 | D67: 2% de los Jornales
A68: Aporte ICBF | B68: =ROUND(C53*3%,0) -> 1600 | C68: =ROUND(B68/$C$53,5) -> 0.03 | D68: 3% de los Jornales
A69: Examenes de ingreso y egreso | B69: =ROUND(C53*2%,0) -> 1067 | C69: =ROUND(B69/$C$4,5) -> 0.02001 | D69: 2% de los Jornales
A70: Dotación | B70: =ROUND(400000/360,0) -> 1111 | C70: =ROUND(B70/$C$4,5) -> 0.02083 | D70: Tres dotaciones al año de $200,000 cada una
A71: Fondo Nacional de Formación Profesional de Industria de la construcción | B71: =((B53*12)/40)/360 -> 1333.3333 | C71: =ROUND(B71/$C$4,5) -> 0.025 | D71: 1 SMMLV por cada 40 trabajadores ((1 SMML*12)/40)/salario anual
B72: =SUM(B57:B71) -> 90505.333 | C72: =SUM(C57:C71) -> 1.69698
A75: CALCULO DE CUADRILLAS
B77: MENSUAL BASE | C77: F PRESTACION | D77: SALARIO MESNUAL
A78: SALARIO OFICIAL DE ALBAÑILERIA | B78: 1900000 | C78: 1.74 | D78: =+B78*C78 -> 3306000
A79: SALARIO AYUDANTE DE ALBAÑILERIA | B79: 1160000 | C79: 1.74 | D79: =+B79*C79 -> 2018400
A81: CUADRILLAS | B81: OFICIAL | C81: AYUDANTES | D81: VR CUADRILLA x HORA
A82: CUADRILLA 1 OF + 1 AY | B82: 1 | C82: 1 | D82: =+(($D$78*B82)/240)+(($D$79*C82)/240) -> 22185
A83: CUADRILLA 1 OF + 2 AY | B83: 1 | C83: 2 | D83: =+(($D$78*B83)/240)+(($D$79*C83)/240) -> 30595
A84: CUADRILLA 1 OF + 3 AY | B84: 1 | C84: 3 | D84: =+(($D$78*B84)/240)+(($D$79*C84)/240) -> 39005
A85: CUADRILLA 1 OF + 4 AY | B85: 1 | C85: 4 | D85: =+(($D$78*B85)/240)+(($D$79*C85)/240) -> 47415
A86: CUADRILLA 1 OF + 5 AY | B86: 1 | C86: 5 | D86: =+(($D$78*B86)/240)+(($D$79*C86)/240) -> 55825
A87: CUADRILLA 1 OF + 6 AY | B87: 1 | C87: 6 | D87: =+(($D$78*B87)/240)+(($D$79*C87)/240) -> 64235
A88: CUADRILLA 2 OF + 2 AY | B88: 2 | C88: 2 | D88: =+(($D$78*B88)/240)+(($D$79*C88)/240) -> 44370
A89: CUADRILLA 2 OF + 3 AY | B89: 2 | C89: 3 | D89: =+(($D$78*B89)/240)+(($D$79*C89)/240) -> 52780
A90: CUADRILLA 2 OF + 4 AY | B90: 2 | C90: 4 | D90: =+(($D$78*B90)/240)+(($D$79*C90)/240) -> 61190
A91: CUADRILLA 2 OF + 5 AY | B91: 2 | C91: 5 | D91: =+(($D$78*B91)/240)+(($D$79*C91)/240) -> 69600
A92: CUADRILLA 2 OF + 6 AY | B92: 2 | C92: 6 | D92: =+(($D$78*B92)/240)+(($D$79*C92)/240) -> 78010
